Map: Planetary Conflict

Players

Throwfordays - Winner!

  • Race: Zerg Zerg
  • League: Silver
  • Spawn Location: 1:00

Player 2

  • Race: Zerg Zerg
  • Spawn Location: 5:00

Player 3

  • Race: Zerg Zerg
  • Spawn Location: 7:00

Player 4

  • Race: Zerg Zerg
  • Spawn Location: 11:00

Player 5 - Winner!

  • Race: Zerg Zerg
  • Spawn Location: 1:00

Player 6

  • Race: Protoss Protoss
  • Spawn Location: 5:00

Player 7

  • Race: Terran Terran
  • Spawn Location: 7:00

Player 8

  • Race: Terran Terran
  • Spawn Location: 11:00

Player 9 - Winner!

  • Race: Terran Terran
  • Spawn Location: 1:00

Player 10

  • Race: Protoss Protoss
  • Spawn Location: 5:00

Player 11

  • Race: Zerg Zerg
  • Spawn Location: 7:00

Player 12

  • Race: Zerg Zerg
  • Spawn Location: 11:00

VOD

Have the link to the VOD?

Description

Time

  • Played on: Sept. 12, 2020, 6:57 p.m.
  • Length: 67:57
Show
View Real Time Build Order
Export as new Build Order

Throwfordays Zerg - Winner!

Build Orders: Hatch First 

Get SALT Encoding   

  12  0:03  Drone  
  13  0:13  Overlord  
  13  0:17  Drone  
  14  0:32  Drone  
  14  0:33  Drone  
  16  0:36  Drone  
  17  0:52  Hatchery  
  17  0:55  Drone  
  17  1:00  Drone  
  18  1:21  Spawning Pool  
  18  1:22  Drone x2  
  19  1:44  Drone  
  19  1:45  Drone  
  21  1:49  Hatchery  
  21  1:52  Drone  
  21  2:04  Drone  
  21  2:07  Overlord  
  22  2:09  Queen  
  22  2:14  Extractor  
  23  2:16  Drone  
  23  2:17  Extractor  
  23  2:20  Queen  
  23  2:21  Drone  
  26  2:26  Overlord  
  26  2:34  Drone  
  27  2:40  Drone  
  27  2:41  Drone  
  29  2:53  Drone  
  29  2:56  Drone  
  31  3:00  Drone  
  31  3:01  Drone  
  31  3:04  Queen  
  31  3:05  Drone  
  36  3:10  Drone  
  37  3:19  Drone  
  39  3:20  Drone x2  
  39  3:23  Drone  
  39  3:26  Drone  
  39  3:27  Drone  
  43  3:31  Drone x3  
  46  3:35  Drone x3  
  49  3:43  Drone  
  50  3:49  Overlord  
  50  3:52  Overlord x3  
  50  3:55  Overlord x2  
  50  4:01  Overlord  
  50  4:02  Overlord  
  50  4:22  Lair  
  50  4:27  Evolution Chamber  
  50  4:29  Drone x3  
  50  4:30  Drone x3  
  55  4:35  Drone x3  
  55  4:36  Drone x2  
  60  4:41  Drone x5  
  65  4:52  Drone x2  
  67  5:02  Roach Warren  
  66  5:08  Drone x3  
  69  5:17  Extractor  
  69  5:19  Drone x4  
  69  5:20  Extractor  
  71  5:27  Drone x5  
  71  5:28  Drone  
  77  5:32  Extractor  
  76  5:40  Drone  
  78  5:42  Drone  
  78  5:45  Drone x2  
  78  5:46  Drone  
  81  5:52  Drone x3  
  81  5:55  Drone x2  
  86  6:01  Drone  
  86  6:02  Drone x2  
  89  6:21  Drone x2  
  91  6:30  Drone, Spire  
  91  6:32  Spire  
  90  6:36  Infestation Pit  
  90  6:39  Overlord x5  
  89  7:25  Pneumatized Carapace  
  89  7:34  Drone  
  90  7:57  Zerg Flyer Weapons Level 1, Zerg Flyer Armor Level 1  
  90  8:08  Mutalisk x5  
  90  8:09  Mutalisk x4  
  108  8:16  Mutalisk x6  
  120  8:27  Hatchery  
  119  8:46  Drone x6  
  125  9:22  Extractor  
  125  9:23  Extractor  
  123  9:50  Queen, Mutalisk  
  123  9:51  Mutalisk  
  129  9:54  Overlord x2  
  129  9:55  Overlord x3  
  129  10:00  Mutalisk x4  
  129  10:01  Mutalisk x6  
  149  11:03  Zerg Flyer Weapons Level 2  
  149  11:24  Zerg Flyer Armor Level 2  
  149  11:32  Mutalisk x2  
  149  11:33  Mutalisk x4  
  149  11:35  Mutalisk x2  
  149  11:36  Mutalisk x4  
  170  11:40  Mutalisk x5  
  167  13:23  Mutalisk x2  
  167  13:24  Mutalisk  
  162  13:27  Mutalisk x2  
  162  13:28  Mutalisk  
  162  13:32  Mutalisk  
  162  13:33  Mutalisk x6  
  162  13:34  Mutalisk x5  
  190  14:02  Extractor  
  165  15:13  Hive  
  151  16:03  Drone x3  
  154  16:05  Queen  
  156  16:33  Greater Spire  
  156  16:34  Zerg Flyer Weapons Level 3  
  156  17:33  Corruptor x6  
  156  17:34  Corruptor x2  
  172  18:51  Brood Lord x3  
  172  18:52  Brood Lord  
  180  18:58  Hatchery  
  180  19:00  Unknown  
  178  19:02  Unknown  
  177  20:27  Brood Lord  
  177  20:28  Brood Lord x3  
  185  21:07  Zerg Melee Weapons Level 1  
  185  21:27  Zerg Flyer Armor Level 3  
  185  22:43  Queen  
  187  22:45  Corruptor x3  
  189  23:21  Brood Lord x3  
  195  23:38  Corruptor  
  195  23:39  Corruptor  
  199  23:45  Zerg Melee Weapons Level 2  
  199  27:51  Zerg Melee Weapons Level 3  
  199  31:20  Zerg Ground Armor Level 1  
  195  34:25  Brood Lord  
  195  34:26  Brood Lord  
  195  39:12  Zergling x2  
  195  39:13  Zergling x6  
  199  39:18  Zerg Ground Armor Level 2  
  185  46:39  Corruptor x3  
  193  48:48  Brood Lord x3  
  193  48:52  Corruptor  
  195  50:10  Brood Lord  
  193  50:44  Hatchery  
  193  50:46  Unknown  
  193  50:47  Unknown  
  186  51:27  Corruptor  
  186  51:28  Corruptor x4  
  178  52:38  Brood Lord x2  
  178  52:39  Brood Lord x3  
  188  52:45  Spine Crawler  
  188  52:47  Spine Crawler  
  188  52:50  Spore Crawler  
  185  52:51  Spore Crawler  
  185  52:53  Spore Crawler  
  185  52:55  Corruptor x3  
  189  53:09  Spore Crawler  
  189  53:12  Spore Crawler  
  186  53:14  Spore Crawler  
  179  54:43  Spore Crawler  
  178  54:46  Spore Crawler  
  178  54:47  Spore Crawler  
  178  54:48  Queen  
  178  54:49  Spore Crawler  
  173  55:35  Mutalisk x3  
  171  55:38  Queen  
  177  56:27  Brood Lord x2  
  169  57:26  Queen  
  169  57:27  Corruptor x3  
  177  57:35  Corruptor x3  
  183  57:48  Spine Crawler  
  183  57:50  Spine Crawler  
  177  58:40  Brood Lord x6  
  177  61:13  Hatchery  
  170  61:23  Unknown  
  170  61:24  Unknown  
  166  62:44  Drone x2  
  142  64:27  Corruptor x6  
  154  64:32  Corruptor  
  154  64:33  Corruptor x5  
  166  66:11  Brood Lord x2  
  166  66:12  Brood Lord x7  
  166  66:13  Brood Lord x3  
Show
View Real Time Build Order
Export as new Build Order

Player 2 Zerg 

Build Orders: Pool First 

Get SALT Encoding   

  12  0:01  Drone  
  13  0:12  Overlord  
  13  0:16  Drone  
  14  0:30  Drone  
  15  0:38  Spawning Pool  
  15  0:40  Drone  
  15  0:43  Drone  
  15  0:46  Drone  
  17  0:52  Extractor  
  17  0:55  Drone  
  17  1:06  Drone  
  18  1:17  Drone  
  19  1:28  Queen  
  19  1:30  Roach Warren  
  20  1:39  Hatchery  
  19  1:41  Drone  
  19  1:45  Drone  
  21  1:49  Zergling x2  
  22  2:01  Overlord  
  22  2:11  Overlord  
  22  2:21  Roach  
  24  2:32  Overlord  
  24  2:35  Roach  
  26  2:41  Zergling x2  
  27  2:45  Roach  
  27  2:46  Zergling x2  
  27  2:50  Zergling x2  
  31  2:55  Zergling x2  
  32  3:02  Roach  
  35  3:05  Zergling x2  
  35  3:08  Zergling x2  
  35  3:09  Zergling x2, Drone  
  35  3:12  Roach  
  40  3:15  Extractor  
  40  3:17  Overlord  
  39  3:22  Drone  
  39  3:24  Queen  
  42  3:29  Drone  
  44  3:34  Drone  
  44  3:40  Drone  
  45  3:42  Drone  
  45  3:44  Drone  
  45  3:45  Extractor, Drone  
  47  3:55  Drone  
  48  3:56  Extractor  
  48  3:58  Drone  
  48  4:00  Drone  
  49  4:04  Lair, Drone  
  49  4:06  Drone  
  51  4:11  Drone  
  51  4:12  Overlord  
  51  4:16  Drone  
  53  4:17  Drone  
  53  4:20  Drone  
  55  4:27  Drone  
  55  4:29  Drone  
  57  4:38  Drone  
  58  4:40  Drone  
  58  4:41  Overlord  
  58  4:43  Drone  
  58  4:44  Roach  
  62  4:49  Roach  
  64  4:54  Drone  
  66  5:00  Drone  
  66  5:01  Ravager  
  66  5:03  Overlord  
  66  5:05  Hydralisk Den  
  66  5:07  Drone  
  66  5:08  Roach  
  66  5:10  Ravager  
  66  5:12  Roach  
  72  5:16  Drone  
  72  5:19  Drone  
  74  5:24  Drone  
  74  5:26  Overlord  
  75  5:31  Drone  
  76  5:35  Drone  
  76  5:37  Drone  
  76  5:39  Drone  
  76  5:41  Drone  
  80  5:43  Roach  
  80  5:48  Overlord  
  82  5:51  Evolution Chamber  
  82  5:52  Hydralisk  
  82  5:57  Evolution Chamber  
  82  5:58  Hydralisk  
  84  6:05  Hydralisk  
  84  6:08  Roach  
  84  6:09  Hydralisk  
  90  6:12  Overlord  
  90  6:14  Spine Crawler  
  90  6:15  Hydralisk  
  90  6:18  Overseer  
  91  6:19  Infestation Pit  
  91  6:20  Drone  
  91  6:24  Hatchery  
  91  6:25  Hydralisk  
  90  6:29  Drone  
  92  6:33  Hydralisk  
  92  6:36  Overlord  
  92  6:38  Hydralisk  
  96  6:42  Roach  
  96  6:45  Roach  
  100  6:47  Drone  
  100  6:49  Drone  
  102  6:54  Metabolic Boost  
  102  6:56  Infestor  
  102  6:59  Zerg Melee Weapons Level 1  
  102  7:00  Overlord  
  104  7:03  Drone  
  104  7:04  Infestor  
  104  7:07  Drone  
  108  7:10  Drone  
  108  7:12  Zerg Missile Weapons Level 1, Spine Crawler  
  108  7:13  Drone  
  109  7:18  Evolution Chamber  
  109  7:19  Drone  
  109  7:22  Drone  
  110  7:29  Overlord  
  110  7:32  Drone  
  110  7:33  Roach  
  110  7:35  Drone  
  114  7:39  Drone  
  114  7:40  Queen  
  114  7:43  Drone  
  118  7:47  Drone  
  118  7:48  Hydralisk  
  121  7:51  Drone  
  121  7:53  Overlord  
  122  8:02  Drone  
  123  8:05  Zergling x2  
  123  8:09  Roach  
  123  8:12  Roach  
  128  8:15  Drone  
  128  8:18  Roach  
  131  8:21  Zergling x2  
  131  8:24  Roach  
  131  8:26  Overlord  
  134  8:29  Drone  
  134  8:31  Roach  
  134  8:33  Roach  
  139  8:36  Hydralisk  
  139  8:39  Roach  
  139  8:41  Drone  
  144  8:42  Baneling Nest  
  144  8:44  Drone  
  144  8:47  Roach  
  146  8:51  Overlord  
  146  8:55  Drone  
  147  8:58  Hydralisk  
  149  9:07  Drone  
  149  9:09  Lurker Den  
  149  9:10  Drone  
  149  9:13  Overlord  
  150  9:17  Drone  
  150  9:21  Hydralisk  
  153  9:29  Queen  
  155  9:34  Drone  
  155  9:48  Overlord  
  155  9:51  Zergling x2  
  156  9:56  Drone  
  156  9:59  Drone  
  158  10:04  Drone  
  159  10:11  Drone  
  159  10:13  Hive  
  159  10:14  Overlord  
  160  10:18  Drone  
  161  10:23  Drone  
  161  10:26  Overseer  
  162  10:31  Overseer  
  162  10:38  Drone  
  163  10:46  Overlord, Spire  
  163  10:48  Drone  
  162  10:56  Drone  
  157  11:00  Zergling x2  
  157  11:04  Drone  
  155  11:12  Zergling x2  
  155  11:18  Drone  
  148  11:22  Overlord  
  137  11:26  Drone  
  137  11:31  Drone  
  135  11:35  Zergling x2  
  135  11:39  Roach  
  138  11:43  Roach  
  138  11:46  Drone  
  141  11:50  Roach  
  143  11:55  Zergling x2  
  143  11:59  Overlord  
  144  12:03  Queen  
  144  12:08  Drone  
  147  12:12  Zergling x2  
  148  12:17  Mutalisk  
  148  12:21  Mutalisk  
  152  12:27  Drone  
  153  12:32  Overlord  
  153  12:44  Zergling x2  
  154  12:52  Baneling  
  154  12:55  Mutalisk  
  156  13:01  Overlord  
  156  13:06  Baneling  
  156  13:10  Mutalisk  
  158  13:13  Mutalisk  
  158  13:18  Infestor  
  162  13:23  Zergling x2  
  163  13:27  Baneling  
  163  13:30  Mutalisk  
  165  13:34  Overlord  
  165  13:39  Overseer  
  165  14:06  Mutalisk  
  167  14:11  Mutalisk  
  167  14:17  Overlord  
  167  14:21  Mutalisk  
  167  14:31  Mutalisk  
  167  14:34  Mutalisk  
  171  14:43  Mutalisk  
  173  15:03  Mutalisk  
  175  15:07  Mutalisk  
  177  15:16  Mutalisk  
  179  15:23  Mutalisk  
  177  16:21  Overlord  
  177  16:25  Zergling x2  
  174  16:28  Zergling x2  
  174  16:32  Zergling x2  
  167  16:41  Queen  
  167  16:45  Overlord  
  169  16:51  Ultralisk Cavern  
  163  17:33  Queen  
  163  17:37  Queen  
  161  17:40  Ultralisk  
  155  18:58  Zergling x2  
  150  19:06  Corruptor  
  138  19:22  Zergling x2  
  139  19:32  Baneling  
  139  19:34  Greater Spire  
  131  19:43  Zergling x2  
  132  19:47  Zergling x2  
  132  19:51  Zergling x2  
  134  20:01  Corruptor  
  129  20:17  Zergling x2  
  128  20:49  Brood Lord  
  125  21:43  Evolution Chamber  
  122  22:55  Hatchery  
  119  23:20  Queen  
  121  24:32  Extractor  
  120  24:53  Extractor  
  118  26:55  Spine Crawler  
  117  27:49  Spine Crawler  
  116  28:35  Spore Crawler  
  115  28:53  Spore Crawler  
  114  30:37  Overseer  
  114  32:00  Ultralisk  
  115  32:48  Corruptor  
  117  33:12  Corruptor  
  119  33:53  Roach  
  121  33:58  Roach  
  123  34:06  Overseer  
  123  34:12  Roach  
  123  34:15  Overlord  
  125  34:18  Roach  
  125  34:21  Roach  
  129  34:29  Roach  
  131  34:32  Roach  
  133  34:38  Overlord  
  133  34:41  Roach  
  133  34:43  Roach  
  137  34:49  Spine Crawler  
  137  34:50  Hydralisk  
  138  35:00  Hydralisk  
  138  35:03  Overlord  
  138  35:15  Hydralisk  
  140  35:21  Hydralisk  
  142  35:31  Hydralisk  
  144  35:38  Hydralisk  
  144  35:42  Overlord  
  146  35:45  Hydralisk  
  148  35:57  Hydralisk  
  148  35:59  Spine Crawler  
  149  36:05  Hydralisk  
  151  36:12  Spore Crawler  
  150  36:44  Ultralisk  
  150  36:46  Overlord  
  156  37:02  Spore Crawler  
  155  37:13  Brood Lord  
  157  37:17  Corruptor  
  151  37:23  Hydralisk  
  151  37:27  Zergling x2  
  145  37:30  Drone  
  145  37:33  Drone  
  145  37:36  Zergling x2  
  132  37:39  Drone  
  132  37:41  Drone  
  132  37:44  Drone  
  128  37:46  Zergling x2  
  128  37:50  Drone  
  130  37:53  Zergling x2  
  130  37:55  Hydralisk  
  128  37:59  Drone  
  128  38:02  Drone  
  130  38:07  Drone  
  130  38:10  Drone  
  132  38:13  Drone  
  132  38:16  Drone  
  132  38:18  Baneling  
  134  38:21  Drone  
  134  38:24  Zergling x2  
  136  38:27  Drone  
  136  38:31  Drone  
  137  38:36  Drone  
  137  38:40  Drone  
  139  38:41  Corruptor  
  139  41:11  Zergling x2  
  139  41:15  Zergling x2  
  136  41:21  Zergling x2  
  136  41:25  Zergling x2  
  123  41:56  Zergling x2  
  123  41:59  Zergling x2  
  114  42:02  Drone  
  114  42:05  Zergling x2  
  109  42:08  Drone  
  109  42:10  Queen  
  109  42:13  Drone  
  109  42:15  Zergling x2  
  100  42:17  Drone  
  100  42:19  Drone  
  100  42:22  Drone  
  97  42:25  Zergling x2  
  97  42:28  Zergling x2  
  96  42:30  Drone  
  96  42:33  Queen, Spine Crawler  
  96  42:36  Zergling x2  
  82  42:39  Zergling x2  
  82  42:40  Drone  
  82  42:44  Drone  
  82  42:46  Queen  
  82  42:47  Drone  
  82  42:50  Zergling x2  
  80  42:54  Drone  
  80  42:57  Drone  
  80  43:00  Drone  
  80  43:03  Drone  
  80  43:05  Drone  
  81  43:08  Drone  
  81  43:10  Drone  
  81  43:22  Drone  
  81  43:24  Drone  
  81  43:27  Drone  
  81  43:32  Drone  
  79  43:34  Drone  
  79  43:35  Drone  
  79  43:38  Drone  
  82  43:45  Drone  
  72  43:49  Drone  
  72  43:51  Drone  
  72  43:53  Drone  
  61  43:55  Zergling x2  
  61  43:57  Drone  
  61  43:58  Drone  
  61  44:00  Drone  
  61  44:02  Drone  
  64  44:04  Zergling x2  
  64  44:05  Drone  
  64  44:07  Zergling x2  
  64  44:08  Drone  
  66  44:10  Zergling x2  
  66  44:12  Zergling x2  
  66  44:14  Drone  
  66  44:16  Zergling x2  
  68  44:18  Drone  
  68  44:21  Drone  
  68  44:23  Drone  
  68  44:25  Zergling x2  
  68  44:27  Drone  
  68  44:29  Drone  
  70  44:32  Zergling x2  
  70  44:35  Drone  
  70  44:37  Zergling x2  
  66  44:40  Drone  
  66  44:42  Drone  
  66  44:43  Drone  
  68  44:46  Zergling x2  
  68  44:48  Zergling x2  
  68  44:50  Drone  
  68  44:52  Zergling x2  
  67  44:54  Drone  
  67  44:56  Drone  
  67  44:58  Drone  
  67  45:00  Drone  
  67  45:01  Spine Crawler  
  67  45:02  Zergling x2  
  67  45:03  Drone  
  67  45:05  Drone  
  66  45:07  Drone  
  66  45:09  Zergling x2  
  66  45:10  Zergling x2  
  66  45:11  Zergling x2  
  66  45:13  Zergling x2  
  70  45:15  Drone  
  70  45:17  Zergling x2  
  70  45:18  Zergling x2  
  70  45:20  Drone  
  70  45:22  Zergling x2  
  70  45:25  Drone  
  70  45:27  Zergling x2  
  68  45:28  Drone  
  68  45:30  Drone  
  68  45:31  Drone  
  67  45:38  Drone  
  67  45:42  Drone  
  68  45:43  Drone  
  68  45:45  Drone  
  68  45:47  Zergling x2  
  68  45:49  Drone  
  70  45:52  Drone  
  70  45:55  Zergling x2  
  71  45:58  Drone  
  69  46:04  Drone  
  69  46:06  Zergling x2  
  69  46:09  Drone  
  69  46:11  Drone  
  61  46:12  Zergling x2  
  61  46:14  Zergling x2  
  61  46:18  Drone  
  62  46:24  Spine Crawler  
  61  46:29  Drone  
  61  46:39  Drone  
  62  46:40  Zergling x2  
  62  46:42  Zergling x2  
  62  46:45  Zergling x2  
  62  46:46  Queen  
  67  46:51  Zergling x2  
  60  47:04  Zergling x2  
  45  47:09  Zergling x2  
  45  47:11  Zergling x2  
  45  47:13  Zergling x2  
  22  47:16  Zergling x2  
  20  47:27  Zergling x2  
  16  47:41  Roach Warren  
  9  48:52  Hatchery  
  6  49:23  Hatchery  
  5  49:51  Hatchery  
Show
View Real Time Build Order
Export as new Build Order

Player 3 Zerg 

Build Orders: Pool First 

Get SALT Encoding   

  12  0:01  Drone  
  13  0:12  Overlord  
  13  0:16  Drone  
  14  0:29  Extractor, Drone  
  14  0:30  Drone  
  14  0:34  Drone  
  16  0:47  Spawning Pool  
  15  0:51  Extractor, Drone  
  15  0:55  Drone  
  16  1:06  Drone  
  17  1:16  Drone  
  18  1:27  Drone  
  19  1:38  Drone  
  20  1:49  Drone  
  21  1:59  Overlord  
  21  2:10  Drone  
  21  2:12  Lair  
  22  2:21  Drone  
  23  2:31  Drone  
  24  2:42  Overlord  
  24  2:52  Overlord  
  24  3:03  Overlord  
  24  3:10  Queen  
  24  3:11  Spire  
  25  3:14  Drone  
  26  3:58  Zergling x2, Queen  
  26  4:00  Drone  
  26  4:01  Zergling x2  
  31  4:10  Zergling x2  
  32  4:21  Drone  
  32  4:24  Overlord  
  33  4:25  Zergling x2  
  33  4:26  Zergling x2  
  35  4:37  Drone  
  36  4:47  Zergling x2  
  36  4:50  Drone  
  36  4:51  Drone  
  36  4:52  Drone  
  40  5:00  Drone  
  41  5:12  Corruptor  
  43  5:17  Overlord  
  43  5:20  Corruptor  
  45  5:21  Drone  
  45  5:24  Drone  
  47  5:35  Drone  
  48  5:45  Drone  
  48  5:46  Drone  
  48  5:49  Drone  
  51  5:50  Mutalisk  
  53  5:58  Drone  
  54  6:08  Mutalisk  
  56  6:16  Mutalisk  
  56  6:18  Drone  
  59  6:19  Mutalisk  
  59  6:21  Overlord  
  61  6:32  Drone  
  62  6:44  Drone  
  62  6:45  Drone  
  64  6:47  Drone  
  65  6:55  Hatchery  
  65  6:56  Queen, Drone  
  67  7:05  Overlord  
  67  7:10  Overseer  
  67  7:12  Drone  
  67  7:14  Drone  
  69  7:16  Corruptor  
  69  7:19  Corruptor  
  73  7:25  Spine Crawler  
  72  7:30  Overlord  
  72  7:32  Queen  
  74  7:39  Mutalisk  
  74  7:43  Metabolic Boost  
  76  7:50  Mutalisk  
  78  8:05  Mutalisk  
  80  8:13  Drone  
  80  8:15  Drone  
  80  8:18  Drone  
  83  8:21  Drone  
  83  8:24  Drone  
  83  8:26  Mutalisk  
  87  8:29  Overlord  
  87  8:32  Drone  
  88  8:39  Drone  
  88  8:41  Drone  
  90  8:43  Drone  
  90  8:44  Spine Crawler  
  90  8:47  Drone  
  91  8:50  Drone  
  91  8:51  Extractor  
  91  8:52  Overlord  
  91  8:55  Mutalisk  
  93  9:05  Mutalisk  
  93  9:08  Mutalisk  
  95  9:11  Extractor, Drone  
  95  9:13  Drone  
  95  9:16  Drone  
  93  9:17  Drone  
  93  9:21  Drone  
  93  9:23  Drone  
  96  9:24  Extractor  
  91  9:32  Drone  
  91  9:33  Spore Crawler  
  91  9:35  Mutalisk  
  83  9:39  Drone  
  83  9:42  Corruptor  
  86  9:45  Mutalisk  
  86  9:49  Spore Crawler, Drone  
  86  9:52  Mutalisk  
  90  9:55  Drone  
  90  9:58  Drone  
  92  10:01  Extractor  
  92  10:05  Corruptor  
  93  10:10  Drone  
  93  10:13  Zergling x2  
  95  10:16  Drone  
  95  10:20  Overlord  
  96  10:23  Overseer  
  96  10:27  Drone  
  97  10:30  Drone  
  97  10:34  Corruptor  
  100  10:39  Drone  
  101  10:49  Overlord  
  101  10:53  Drone  
  101  10:55  Corruptor  
  104  11:00  Drone  
  104  11:04  Drone  
  106  11:07  Drone  
  107  11:13  Drone  
  107  11:15  Overlord  
  108  11:21  Drone  
  108  11:23  Mutalisk  
  111  11:27  Drone  
  111  11:30  Drone  
  99  11:35  Drone  
  99  11:39  Drone  
  99  11:51  Zergling x2  
  100  11:55  Zergling x2  
  101  12:10  Mutalisk  
  103  12:27  Zergling x2  
  104  12:31  Zergling x2  
  89  18:05  Zergling x2  
  90  18:08  Zergling x2  
  90  18:12  Zergling x2  
  92  48:51  Mutalisk  
  94  50:04  Mutalisk  
  96  50:57  Mutalisk  
  98  51:51  Mutalisk  
  100  52:43  Mutalisk  
  102  53:35  Mutalisk  
  102  53:39  Overlord  
  104  53:56  Overseer  
  104  54:16  Mutalisk  
  106  54:30  Mutalisk  
  108  54:46  Corruptor  
  108  54:49  Overlord  
  110  55:04  Corruptor  
  112  55:17  Corruptor  
  106  55:22  Zergling x2  
  106  55:23  Zergling x2  
  106  55:27  Zergling x2  
  99  55:31  Zergling x2, Overlord  
  99  55:32  Mutalisk  
  99  55:34  Zergling x2  
  99  55:35  Zergling x2  
  93  55:36  Zergling x2  
  93  55:38  Zergling x2  
  93  55:39  Zergling x2  
  93  55:42  Zergling x2  
  87  55:43  Zergling x2  
  87  55:46  Roach Warren  
  87  55:48  Zergling x2  
  87  55:54  Zergling x2  
  87  55:55  Zergling x2  
  87  55:56  Zergling x2  
  70  55:57  Zergling x2  
  70  55:58  Zergling x2  
  70  55:59  Zergling x2, Spine Crawler  
  70  56:07  Overlord  
  70  56:28  Overlord  
  62  56:50  Spore Crawler  
  62  56:51  Overlord  
  61  57:31  Spore Crawler  
  60  57:57  Overlord  
  60  58:19  Overlord  
  60  59:04  Overlord  
  60  59:28  Overlord  
  60  59:32  Overlord  
  60  60:11  Overlord  
  60  60:21  Spore Crawler, Zergling x2  
  53  60:23  Zergling x4  
  53  60:24  Zergling x2  
  53  60:25  Zergling x2  
  53  60:26  Zergling x2  
  53  60:27  Zergling x2  
  53  60:28  Zergling x4  
  51  60:30  Zergling x2  
  42  60:37  Queen  
  31  60:43  Zergling x2  
  31  60:44  Zergling x2  
  31  60:45  Zergling x2  
  31  60:46  Zergling x2  
  31  60:47  Zergling x2  
  31  60:48  Zergling x4  
  31  60:49  Zergling x2  
  29  60:50  Zergling x4  
  31  61:00  Spore Crawler  
  31  61:01  Drone  
  31  61:02  Drone  
  31  61:03  Drone  
  17  61:04  Drone  
  17  61:07  Drone  
  16  61:12  Queen  
  16  61:17  Drone  
  9  61:26  Drone x2  
  9  61:27  Drone  
  9  61:29  Drone  
  9  61:31  Spore Crawler  
  10  61:38  Spine Crawler  
  7  61:40  Drone  
  8  61:50  Drone  
  8  61:55  Drone x3  
  8  62:00  Spine Crawler  
  8  62:03  Spine Crawler  
Show
View Real Time Build Order
Export as new Build Order

Player 4 Zerg 

Build Orders: Pool First 

Get SALT Encoding   

  12  0:01  Drone  
  13  0:12  Overlord  
  13  0:18  Drone  
  14  0:30  Drone  
  14  0:31  Drone  
  16  0:44  Spawning Pool  
  16  0:46  Drone  
  16  0:50  Drone  
  17  1:11  Hatchery  
  16  1:15  Drone  
  16  1:17  Extractor  
  16  1:20  Drone  
  16  1:24  Drone  
  18  1:28  Drone  
  19  1:38  Overlord  
  19  1:49  Queen, Drone  
  22  2:00  Zergling x2  
  23  2:10  Drone  
  24  2:21  Roach Warren  
  24  2:22  Drone  
  24  2:23  Extractor, Drone  
  24  2:24  Queen  
  26  2:32  Drone  
  26  2:33  Overlord  
  27  2:43  Drone  
  29  2:44  Drone  
  29  2:53  Drone  
  29  2:55  Drone  
  29  2:56  Zergling x2, Drone  
  29  2:57  Zergling x2  
  34  3:05  Roach  
  34  3:06  Roach  
  38  3:16  Roach  
  38  3:17  Roach  
  42  3:27  Drone  
  42  3:28  Overlord  
  42  3:30  Lair  
  42  3:31  Drone  
  44  3:46  Drone  
  44  3:47  Drone  
  47  3:48  Drone  
  47  3:49  Drone  
  47  3:50  Drone  
  47  3:51  Drone  
  47  3:53  Drone  
  51  3:59  Overlord  
  51  4:00  Drone  
  52  4:18  Drone x2  
  52  4:19  Drone  
  52  4:20  Drone  
  52  4:21  Drone  
  52  4:22  Zergling x2  
  52  4:23  Zergling x2  
  59  4:31  Zergling x2  
  60  4:32  Overlord  
  60  4:33  Overlord  
  60  4:34  Infestation Pit  
  60  4:35  Drone  
  60  4:37  Drone, Spire  
  60  4:45  Overlord  
  60  4:50  Roach  
  60  4:52  Roach  
  64  4:53  Roach  
  64  4:54  Roach  
  64  4:56  Drone  
  69  5:03  Drone  
  69  5:04  Roach  
  69  5:05  Overlord  
  72  5:09  Roach  
  72  5:10  Overlord  
  72  5:11  Overlord  
  72  5:13  Roach  
  76  5:16  Hive  
  76  5:18  Roach  
  78  5:40  Overlord  
  78  5:43  Overlord  
  78  5:50  Corruptor  
  78  5:53  Zergling x2  
  78  5:54  Zergling x2  
  78  5:55  Corruptor  
  84  5:57  Zergling x2  
  84  5:59  Zergling x2, Evolution Chamber  
  84  6:00  Drone  
  84  6:01  Zergling x2  
  84  6:03  Zergling x2  
  88  6:05  Evolution Chamber  
  88  6:06  Drone  
  88  6:14  Corruptor  
  90  6:25  Overlord  
  90  6:33  Drone  
  90  6:34  Drone  
  90  6:37  Drone  
  90  6:38  Drone  
  90  6:39  Hydralisk Den  
  93  6:40  Drone  
  93  6:42  Drone  
  93  6:43  Drone  
  93  6:44  Extractor, Drone  
  96  6:48  Drone  
  96  6:50  Drone  
  96  6:51  Evolution Chamber  
  96  6:52  Drone  
  99  6:54  Drone  
  99  6:56  Drone  
  99  7:00  Drone  
  101  7:01  Drone  
  101  7:06  Spine Crawler  
  101  7:10  Drone  
  101  7:13  Drone  
  101  7:14  Overseer  
  103  7:17  Drone  
  103  7:18  Infestor  
  103  7:20  Drone  
  103  7:21  Hydralisk  
  109  7:23  Drone  
  109  7:24  Hydralisk  
  109  7:27  Drone  
  113  7:34  Drone, Spine Crawler  
  113  7:35  Drone  
  114  7:42  Drone  
  115  7:44  Drone  
  115  7:46  Infestor  
  115  7:48  Overlord  
  115  7:50  Drone  
  119  7:52  Ravager  
  119  7:55  Extractor, Drone  
  121  7:58  Drone  
  121  8:00  Drone  
  121  8:03  Drone  
  121  8:05  Ravager  
  124  8:07  Drone  
  124  8:10  Queen  
  124  8:12  Overlord  
  127  8:15  Drone  
  127  8:17  Drone  
  129  8:20  Drone, Spine Crawler  
  129  8:21  Drone  
  129  8:23  Drone  
  129  8:25  Drone  
  132  8:27  Infestor  
  132  8:29  Drone  
  132  8:33  Queen  
  137  8:36  Overlord  
  137  8:38  Mutalisk  
  139  8:44  Roach  
  139  8:46  Mutalisk  
  143  8:51  Overseer  
  143  8:54  Hydralisk  
  143  8:55  Spore Crawler  
  144  8:57  Overlord  
  144  9:00  Mutalisk  
  146  9:10  Mutalisk  
  148  9:19  Overlord  
  148  9:21  Mutalisk  
  150  9:27  Spore Crawler  
  150  9:28  Mutalisk  
  151  9:36  Mutalisk  
  151  9:42  Overlord  
  151  9:47  Mutalisk  
  153  9:56  Mutalisk  
  155  10:02  Overlord  
  155  10:07  Mutalisk  
  157  10:15  Mutalisk  
  159  10:23  Overlord  
  159  10:28  Mutalisk  
  159  10:32  Overseer  
  161  10:36  Overseer  
  161  10:49  Pneumatized Carapace  
  161  10:55  Mutalisk  
  163  11:17  Mutalisk  
  165  11:24  Mutalisk  
  167  11:27  Overlord  
  165  11:36  Mutalisk  
  167  11:51  Corruptor  
  169  11:59  Overseer  
  169  12:02  Overlord  
  169  12:09  Mutalisk  
  157  12:22  Mutalisk  
  145  12:41  Mutalisk  
  147  13:01  Mutalisk  
  138  13:12  Zergling x2  
  138  13:18  Roach  
  140  13:23  Zergling x2  
  131  13:28  Mutalisk  
  131  13:32  Zergling x2  
  123  13:37  Roach  
  116  13:42  Roach  
  116  13:47  Overlord  
  113  13:50  Zergling x2  
  113  13:53  Zergling x2  
  115  13:56  Hydralisk  
  115  14:01  Roach  
  117  14:05  Zergling x2  
  117  14:08  Hydralisk  
  120  14:12  Zergling x2  
  120  14:14  Roach  
  123  14:19  Overlord  
  123  14:21  Hydralisk  
  125  14:25  Zergling x2  
  125  14:28  Roach  
  128  14:36  Hydralisk  
  129  14:45  Hydralisk  
  129  14:49  Overlord  
  123  14:55  Overseer  
  123  14:59  Zergling x2  
  111  15:03  Zergling x2  
  111  15:06  Hydralisk  
  114  15:09  Baneling Nest  
  113  15:40  Mutalisk  
  113  15:48  Hydralisk  
  115  15:56  Baneling  
  115  16:06  Baneling  
  115  16:09  Zergling x2  
  116  16:45  Extractor  
  115  18:34  Roach  
  117  18:45  Roach  
  119  18:54  Roach  
  121  18:57  Spine Crawler  
  120  19:05  Roach  
  122  19:14  Roach  
  124  19:22  Roach  
  126  19:32  Roach  
  128  19:43  Roach  
  130  19:51  Roach  
  132  19:54  Overlord  
  132  20:01  Roach  
  134  20:09  Roach  
  136  20:18  Roach  
  136  20:21  Overlord  
  138  21:05  Infestor  
  109  21:59  Zergling x2  
  105  22:02  Zergling x2  
  97  22:17  Queen  
  95  22:27  Overseer  
  95  22:29  Queen  
  92  22:33  Zergling x2  
  92  22:36  Zergling x2  
  95  23:00  Zergling x2  
  95  23:03  Spine Crawler  
  95  23:12  Zergling x2  
  93  24:34  Spine Crawler  
  89  24:48  Zergling x2  
  89  24:52  Zergling x2  
  78  24:54  Zergling x2  
  78  24:56  Zergling x2  
  73  25:00  Zergling x2  
  73  25:05  Zergling x2  
  74  25:08  Zergling x2  
  74  25:11  Zergling x2  
  73  25:15  Zergling x2  
  73  25:18  Zergling x2  
  73  25:20  Queen  
  69  25:23  Zergling x2  
  69  25:26  Zergling x2  
  66  25:29  Zergling x2  
  45  25:45  Zergling x2  
  45  25:49  Zergling x2  
  42  25:52  Zergling x2  
  42  25:56  Zergling x2  
  38  25:57  Zergling x2  
  38  26:00  Zergling x2  
  38  26:02  Zergling x2  
  37  26:04  Zergling x2  
  37  26:06  Zergling x2  
  37  26:08  Zergling x2  
  37  26:11  Queen  
  42  26:13  Queen  
  42  26:15  Zergling x2  
  42  26:17  Zergling x2  
  45  26:19  Zergling x2  
  45  26:23  Zergling x2  
  46  26:25  Zergling x2  
  46  26:28  Zergling x2  
  46  26:31  Zergling x2  
  42  26:33  Zergling x2  
  42  26:35  Zergling x2  
  42  26:40  Zergling x2  
  42  26:41  Zergling x2  
  42  26:46  Zergling x2  
  45  26:48  Zergling x2  
  46  26:54  Spine Crawler  
  46  26:59  Zergling x2  
  46  27:00  Zergling x2  
  39  27:03  Zergling x2  
  39  27:05  Zergling x2  
  39  27:08  Zergling x2  
  40  27:12  Zergling x2  
  40  27:14  Zergling x2  
  39  27:16  Zergling x2  
  39  27:18  Zergling x2  
  39  27:19  Zergling x2  
  37  27:23  Zergling x2  
  37  27:26  Zergling x2  
  37  27:28  Zergling x2  
  36  27:30  Zergling x2  
  36  27:33  Zergling x2  
  35  27:37  Zergling x2  
  35  27:39  Zergling x2  
  35  27:41  Queen  
  34  27:45  Zergling x2  
  34  27:47  Zergling x2  
  34  27:51  Zergling x2  
  34  27:53  Zergling x2  
  27  29:00  Spawning Pool  
  26  29:48  Queen  
  26  29:51  Zergling x2  
  26  29:52  Zergling x2  
  30  29:54  Zergling x2  
  30  29:56  Zergling x2  
  30  29:59  Zergling x2  
  33  30:01  Zergling x2  
  33  30:03  Zergling x2  
  33  30:05  Zergling x2  
  36  30:07  Zergling x2  
  36  30:10  Zergling x2  
  37  30:15  Zergling x2  
  37  30:19  Zergling x2  
  37  30:20  Zergling x2  
  37  30:23  Zergling x2  
  37  30:24  Queen  
  39  30:28  Zergling x2  
  39  30:31  Zergling x2  
  39  30:33  Zergling x2  
  38  30:36  Zergling x2  
  38  30:38  Zergling x2  
  39  30:43  Zergling x2  
  39  30:46  Zergling x2, Roach Warren  
  32  31:04  Zergling x2  
  32  31:06  Zergling x2  
  32  31:11  Zergling x2  
Show
View Real Time Build Order
Export as new Build Order

Player 5 Zerg - Winner!

Build Orders: Pool First 

Get SALT Encoding   

  12  0:01  Drone  
  13  0:12  Overlord  
  13  0:16  Drone  
  14  0:30  Drone x2  
  16  0:42  Spawning Pool  
  15  0:43  Drone  
  15  0:46  Drone  
  17  1:08  Hatchery  
  17  1:10  Drone  
  17  1:15  Extractor  
  17  1:16  Drone  
  17  1:18  Extractor  
  17  1:20  Drone  
  17  1:27  Drone  
  18  1:38  Drone  
  19  1:44  Queen  
  21  1:48  Overlord  
  21  1:59  Zergling x2  
  22  2:10  Drone  
  23  2:20  Queen, Drone  
  23  2:21  Drone  
  27  2:23  Roach Warren  
  26  2:30  Drone  
  26  2:32  Drone  
  28  2:41  Drone  
  28  2:42  Drone  
  30  2:51  Zergling x2, Overlord  
  31  2:52  Zergling x2, Drone  
  31  2:54  Drone  
  34  3:07  Roach  
  34  3:10  Roach  
  38  3:14  Roach  
  38  3:16  Overlord  
  38  3:17  Lair  
  40  3:22  Roach  
  40  3:23  Zergling x2  
  40  3:24  Zergling x2  
  40  3:26  Overlord  
  44  3:35  Zergling x2, Drone  
  44  3:36  Drone  
  44  3:38  Drone  
  44  3:39  Drone  
  49  3:47  Overlord  
  49  3:48  Roach  
  51  3:55  Drone, Roach  
  54  3:56  Roach  
  54  3:59  Roach  
  54  4:01  Overlord  
  58  4:07  Drone  
  58  4:09  Drone  
  60  4:12  Roach  
  60  4:15  Roach  
  64  4:19  Hydralisk Den  
  64  4:20  Drone  
  64  4:21  Overlord  
  64  4:48  Hydralisk  
  64  4:49  Hydralisk  
  64  4:50  Hydralisk  
  64  4:51  Hydralisk  
  64  4:52  Hydralisk  
  72  4:54  Overlord  
  72  4:58  Hydralisk  
  76  5:05  Drone  
  77  5:07  Drone  
  77  5:09  Extractor, Drone  
  77  5:13  Drone  
  79  5:15  Extractor  
  79  5:16  Drone  
  79  5:17  Drone  
  79  5:19  Drone  
  81  5:23  Drone  
  81  5:24  Overlord  
  81  5:26  Drone  
  83  5:30  Drone  
  83  5:33  Drone  
  83  5:35  Drone  
  86  5:36  Infestation Pit  
  86  5:38  Drone  
  86  5:41  Drone  
  87  5:44  Drone  
  87  5:45  Overlord  
  87  5:46  Drone  
  87  5:48  Drone  
  90  5:51  Ravager  
  91  5:57  Drone  
  91  5:59  Roach  
  91  6:02  Drone  
  91  6:03  Ravager  
  96  6:04  Drone  
  96  6:05  Overlord  
  96  6:07  Drone  
  96  6:08  Roach  
  96  6:09  Drone  
  103  6:11  Roach  
  103  6:13  Drone  
  103  6:18  Roach  
  106  6:19  Infestor  
  106  6:20  Metabolic Boost  
  106  6:23  Evolution Chamber  
  107  6:29  Overlord  
  107  6:32  Drone  
  108  6:33  Infestor  
  108  6:35  Drone  
  108  6:38  Drone  
  112  6:40  Drone, Evolution Chamber  
  112  6:42  Drone  
  112  6:45  Drone  
  114  6:47  Infestor  
  114  6:49  Drone  
  114  6:51  Overlord  
  114  6:54  Drone  
  118  6:56  Spine Crawler  
  117  7:03  Evolution Chamber  
  117  7:04  Drone  
  117  7:06  Infestor  
  119  7:09  Drone  
  119  7:12  Roach  
  119  7:13  Overseer, Spine Crawler  
  119  7:14  Overlord  
  121  7:16  Drone  
  121  7:17  Drone  
  121  7:18  Zerg Melee Weapons Level 1  
  121  7:20  Drone  
  121  7:22  Drone  
  125  7:24  Zerg Missile Weapons Level 1  
  125  7:26  Drone  
  125  7:27  Drone  
  127  7:36  Overlord  
  127  7:38  Drone  
  127  7:40  Drone  
  127  7:42  Drone  
  127  7:44  Drone  
  131  7:46  Drone  
  131  7:48  Drone  
  133  7:54  Drone  
  133  7:57  Overlord  
  134  7:59  Drone  
  134  8:02  Drone  
  134  8:04  Queen  
  138  8:05  Lurker Den  
  138  8:08  Drone  
  138  8:11  Drone  
  139  8:14  Ravager  
  139  8:16  Roach  
  139  8:18  Queen  
  144  8:20  Zergling x2  
  144  8:22  Overlord  
  144  8:24  Ravager  
  144  8:26  Roach  
  148  8:31  Roach  
  150  8:35  Roach  
  150  8:39  Zerg Ground Armor Level 1  
  150  8:41  Spore Crawler  
  151  8:42  Overlord  
  151  8:45  Drone  
  152  8:53  Zergling x2  
  153  8:58  Hive  
  153  9:04  Overlord  
  153  9:10  Lurker  
  153  9:16  Hydralisk  
  156  9:21  Pathogen Glands  
  156  9:25  Lurker  
  156  9:28  Overlord  
  157  9:32  Zergling x2  
  157  9:34  Hydralisk  
  157  9:37  Spore Crawler, Zergling x2  
  160  9:43  Zerg Melee Weapons Level 2  
  160  9:47  Zergling x2  
  160  9:50  Overseer  
  161  9:54  Zergling x2  
  161  9:58  Overseer  
  162  10:10  Roach  
  162  10:13  Overlord  
  164  10:17  Roach  
  166  10:24  Viper  
  169  10:28  Pneumatized Carapace  
  169  10:34  Zerg Missile Weapons Level 2  
  169  10:47  Viper  
  172  11:18  Overlord  
  172  11:29  Spire  
  168  11:55  Zerg Ground Armor Level 2  
  168  12:04  Viper  
  171  12:08  Overlord  
  171  12:13  Overseer  
  171  12:39  Roach  
  175  12:44  Roach  
  175  12:52  Zerg Melee Weapons Level 3  
  175  13:00  Hydralisk  
  177  13:18  Overlord  
  177  13:23  Overseer  
  177  13:29  Roach  
  177  13:33  Hydralisk  
  181  13:37  Mutalisk  
  183  14:10  Corruptor  
  183  14:14  Hydralisk  
  187  14:19  Hydralisk  
  187  14:23  Hydralisk  
  189  14:28  Hydralisk  
  193  14:38  Hydralisk  
  195  14:48  Hydralisk  
  193  15:13  Overlord  
  193  15:15  Baneling Nest  
  185  16:57  Zergling x2  
  175  17:01  Overlord  
  175  17:05  Zergling x2  
  163  17:20  Overlord  
  155  17:39  Zergling x2  
  155  17:43  Overlord  
  151  17:48  Zergling x2  
  152  17:52  Zergling x2  
  152  17:56  Zergling x2  
  154  18:00  Zergling x2  
  154  18:04  Zergling x2  
  156  18:09  Overlord  
  156  18:14  Zergling x2  
  157  19:34  Hatchery  
  156  22:06  Extractor  
  154  22:29  Extractor  
  153  23:56  Spine Crawler  
  152  24:24  Spine Crawler  
  151  24:48  Spine Crawler  
  150  26:36  Overseer  
  150  27:04  Corruptor  
  152  27:33  Corruptor  
  154  28:12  Greater Spire  
  154  28:49  Roach  
  154  28:52  Roach  
  158  28:56  Roach  
  158  29:01  Roach  
  162  29:03  Hatchery  
  162  29:05  Overlord  
  161  29:10  Overseer  
  161  29:20  Overseer  
  160  29:30  Roach  
  161  29:34  Zergling x2  
  158  29:45  Zergling x2  
  159  29:49  Zergling x2  
  160  29:53  Corruptor  
  162  30:18  Corruptor  
  164  30:32  Hydralisk  
  166  30:44  Overseer  
  166  30:49  Hydralisk  
  168  30:53  Overlord  
  168  31:01  Brood Lord  
  168  31:04  Hydralisk  
  165  31:25  Corruptor  
  167  31:44  Overseer  
  167  31:48  Overlord  
  167  32:07  Roach  
  169  32:11  Roach  
  169  32:14  Overlord  
  161  32:35  Overseer  
  154  32:40  Zergling x2  
  148  32:45  Roach  
  147  32:51  Roach  
  147  32:55  Zergling x2  
  150  33:00  Roach  
  150  33:03  Roach  
  154  33:08  Roach  
  154  33:11  Overlord  
  149  33:16  Roach  
  151  33:21  Roach  
  151  33:26  Zergling x2  
  154  33:29  Roach  
  156  33:35  Roach  
  156  33:39  Roach  
  160  33:43  Overlord  
  160  33:47  Roach  
  162  33:54  Zergling x2  
  161  33:58  Zergling x2  
  162  34:06  Overlord  
  162  34:10  Overseer  
  162  34:15  Ultralisk Cavern  
  161  34:27  Baneling  
  161  34:32  Baneling  
  161  34:35  Zergling x2  
  162  34:38  Baneling  
  162  34:44  Baneling  
  162  34:46  Baneling  
  162  34:49  Zergling x2  
  162  34:52  Overlord  
  163  34:56  Baneling  
  163  34:59  Baneling  
  163  35:03  Zergling x2  
  163  35:07  Baneling  
  164  35:10  Baneling  
  164  35:13  Zergling x2  
  165  35:27  Overseer  
  165  35:33  Overlord  
  165  35:45  Ultralisk  
  169  35:52  Overseer  
  173  35:57  Ultralisk  
  173  36:02  Overlord  
  173  36:05  Overseer  
  173  36:24  Overlord  
  173  36:38  Ultralisk  
  179  36:47  Overlord  
  179  37:04  Ultralisk  
  181  37:21  Roach  
  181  37:28  Zergling x2  
  181  37:33  Overseer  
  179  37:37  Overlord  
  179  37:44  Roach  
  177  37:47  Roach  
  177  37:49  Roach  
  181  37:59  Overlord  
  179  38:07  Zergling x2  
  179  38:11  Zergling x2  
  167  38:16  Roach  
  167  38:19  Roach  
  161  38:23  Overseer  
  161  38:27  Roach  
  161  38:29  Overlord  
  163  38:38  Roach  
  165  38:43  Overseer  
  165  38:50  Hydralisk  
  165  38:52  Overlord  
  162  38:58  Overlord  
  162  39:01  Overseer  
  160  39:15  Roach  
  162  39:18  Baneling  
  162  39:20  Zergling x2  
  162  39:24  Overlord  
  163  39:27  Zergling x2  
  163  39:29  Zergling x2  
  165  39:34  Roach  
  165  39:37  Roach  
  169  39:39  Baneling  
  169  39:43  Baneling  
  169  39:46  Overlord  
  169  39:49  Overseer  
  169  39:53  Baneling  
  169  39:55  Overseer  
  169  39:58  Overlord  
  169  40:02  Baneling  
  169  40:22  Overlord  
  169  40:25  Hydralisk  
  171  40:29  Hydralisk  
  171  40:32  Hydralisk  
  175  40:42  Overlord  
  175  41:06  Overlord  
  171  41:26  Overlord  
  171  41:38  Overseer  
  155  42:50  Zergling x2  
  141  42:53  Zergling x2  
  141  42:57  Zergling x2  
  136  43:00  Zergling x2  
  137  43:14  Spine Crawler  
  136  45:07  Spine Crawler  
  135  45:26  Hatchery  
  127  46:00  Zergling x2  
  127  46:03  Zergling x2  
  129  46:07  Zergling x2  
  130  46:28  Spine Crawler  
  120  47:37  Spore Crawler  
  119  47:48  Zergling x2  
  119  47:52  Zergling x2  
  119  47:58  Zergling x2  
  118  48:06  Roach  
  118  48:08  Zergling x2  
  121  48:27  Spore Crawler  
  120  49:21  Spore Crawler  
  116  50:14  Spore Crawler  
  106  52:31  Zergling x2  
  107  52:40  Zergling x2  
  106  53:28  Hatchery  
  104  53:55  Queen  
  100  53:56  Queen  
  100  53:58  Zergling x2  
  100  54:01  Zergling x2  
  101  54:46  Zergling x2  
  98  55:38  Unknown  
  94  55:48  Zergling x2  
  92  55:52  Zergling x2  
  86  56:14  Roach  
  88  56:19  Roach  
  90  56:28  Hatchery  
  88  58:40  Roach  
  69  64:13  Zergling x2  
  69  64:30  Zergling x2  
Show
View Real Time Build Order
Export as new Build Order

Player 6 Protoss 

Build Orders: Colossus Rush 

Get SALT Encoding   

  12  0:01  Probe  
  13  0:13  Probe  
  14  0:21  Pylon  
  14  0:25  Probe  
  15  0:35  Probe  
  16  0:43  Probe  
  16  0:48  Assimilator  
  17  0:52  Gateway  
  17  0:53  Probe  
  18  1:01  Pylon, Probe  
  18  1:09  Probe  
  20  1:20  Probe  
  21  1:32  Probe  
  22  1:40  Zealot  
  22  1:43  Cybernetics Core  
  22  1:44  Probe  
  25  1:56  Nexus, Probe  
  26  2:04  Probe  
  26  2:12  Probe  
  27  2:20  Stalker  
  30  2:22  Warp Gate  
  30  2:23  Probe  
  30  2:25  Pylon  
  31  2:34  Gateway  
  31  2:36  Assimilator  
  31  2:43  Probe  
  32  2:50  Adept  
  32  2:51  Pylon  
  34  2:55  Probe  
  35  3:04  Probe  
  35  3:07  Probe  
  35  3:09  Robotics Facility  
  35  3:12  Probe  
  37  3:19  Probe  
  39  3:20  Adept  
  39  3:21  Probe  
  39  3:22  Adept  
  44  3:31  Probe  
  44  3:33  Probe  
  46  3:43  Probe  
  46  3:45  Probe  
  46  3:47  Adept  
  48  3:52  Adept  
  48  3:55  Probe  
  53  3:57  Probe  
  54  4:04  Robotics Bay  
  54  4:07  Probe x2  
  54  4:08  Observer  
  57  4:14  Pylon  
  57  4:19  Probe  
  57  4:22  Pylon  
  58  4:24  Adept  
  58  4:30  Gateway  
  60  4:32  Probe  
  60  4:33  Probe  
  60  4:34  Robotics Facility  
  60  4:36  Stalker  
  64  4:41  Pylon  
  64  4:45  Stalker  
  66  4:59  Zealot  
  68  5:06  Pylon  
  68  5:10  Zealot  
  70  5:18  Zealot  
  72  5:22  Colossus  
  72  5:25  Zealot  
  72  5:26  Pylon  
  80  5:36  Gateway  
  80  5:44  Stalker  
  80  5:48  Pylon, Probe  
  83  5:50  Probe  
  83  5:51  Assimilator, Sentry  
  86  6:00  Probe  
  86  6:03  Probe  
  86  6:04  Forge  
  88  6:05  Nexus  
  88  6:10  Probe  
  88  6:16  Probe  
  90  6:19  Twilight Council  
  90  6:20  Probe  
  91  6:28  Probe x2  
  91  6:31  Pylon  
  93  6:39  Probe  
  93  6:40  Forge  
  93  6:42  Probe  
  95  6:51  Probe  
  95  6:54  Photon Cannon, Probe  
  97  7:04  Probe  
  97  7:06  Probe  
  97  7:08  Photon Cannon  
  99  7:10  Warp Prism  
  99  7:12  Templar Archives  
  99  7:16  Probe  
  99  7:17  Probe, Warp Prism  
  99  7:19  Probe  
  99  7:21  Photon Cannon  
  99  7:22  Zealot  
  108  7:27  Stalker  
  108  7:28  Probe  
  111  7:30  Gateway, Stalker  
  111  7:31  Probe x2  
  115  7:39  Stalker  
  115  7:40  Probe  
  115  7:43  Pylon, Probe  
  119  7:44  Stalker  
  119  7:47  Probe  
  119  7:48  Assimilator  
  122  7:52  Probe  
  122  7:54  Zealot  
  122  7:56  Zealot  
  127  8:04  Zealot  
  129  8:08  Zealot  
  131  8:18  Pylon, Zealot  
  133  8:21  High Templar  
  133  8:23  Assimilator  
  133  8:25  Zealot  
  137  8:28  Zealot  
  137  8:30  Stalker  
  141  8:38  Photon Cannon, High Templar  
  141  8:41  Zealot  
  145  8:42  Nexus  
  145  8:53  Zealot  
  147  8:56  Sentry  
  147  9:00  Photon Cannon  
  149  9:35  Gateway  
  149  9:57  Zealot  
  151  10:00  Zealot  
  151  10:03  Zealot  
  151  10:06  Zealot  
  157  10:11  Zealot  
  157  10:14  Stalker  
  159  10:22  Zealot  
  159  10:23  Observer  
  162  10:33  Observer  
  162  10:37  Stalker  
  163  10:43  Probe  
  163  10:48  Probe  
  146  10:50  Probe  
  146  10:55  Zealot  
  143  10:59  Zealot  
  143  11:02  Zealot  
  147  11:05  Forge  
  147  11:06  Stalker  
  147  11:09  Zealot  
  146  11:13  Stalker  
  148  12:55  High Templar  
  146  12:58  High Templar  
  148  13:08  Protoss Ground Weapons Level 1  
  148  13:11  Archon  
  148  13:21  Protoss Ground Armor Level 1  
  146  13:28  Immortal  
  148  13:36  Protoss Shields Level 1  
  148  13:40  Immortal  
  148  14:47  Adept  
  148  14:51  Observer  
  139  15:00  Sentry  
  139  15:04  Adept  
  143  15:08  Zealot  
  143  15:10  Zealot  
  147  15:14  Zealot  
  147  15:18  Zealot  
  147  15:26  Stalker  
  145  15:30  Stalker  
  145  15:34  Stalker  
  145  15:35  Protoss Ground Weapons Level 2  
  147  15:38  Zealot  
  147  15:41  Zealot  
  145  15:44  Zealot  
  145  15:48  Protoss Ground Armor Level 2  
  147  15:50  Zealot  
  149  16:15  Protoss Shields Level 2  
  148  16:22  Zealot  
  148  16:30  Charge  
  148  17:31  Photon Cannon  
  148  17:40  Robotics Facility  
  148  17:59  Protoss Ground Weapons Level 3  
  148  18:11  Blink  
  148  18:18  Protoss Ground Armor Level 3  
  148  18:33  Protoss Shields Level 3  
  148  19:01  Photon Cannon  
  148  19:21  Pylon  
  148  19:40  Zealot  
  148  19:43  Stalker  
  152  19:48  Stalker  
  152  19:49  Stalker  
  156  19:59  Psionic Storm  
  156  22:01  Photon Cannon  
  156  22:22  Pylon  
  156  22:41  Stalker  
  156  22:42  High Templar  
  160  22:45  Stalker  
  160  22:49  Observer  
  163  22:51  High Templar  
  165  23:07  Archon  
  163  23:20  High Templar  
  165  26:11  Pylon  
  165  26:20  Warp Prism  
  165  26:24  Observer  
  168  26:33  Photon Cannon, Warp Prism  
  168  26:36  High Templar  
  172  26:46  Archon  
  172  27:58  Warp Prism  
  172  28:12  Zealot  
  166  28:15  Zealot  
  168  28:22  High Templar  
  168  28:24  Zealot  
  162  28:27  Warp Prism  
  162  28:30  Zealot  
  162  28:33  Stalker  
  168  28:36  Stalker  
  168  28:39  Stalker  
  172  28:59  Photon Cannon  
  172  29:21  Observer  
  172  29:22  Observer  
  172  29:23  Observer  
  171  29:27  Pylon, Zealot  
  171  29:28  Stalker  
  172  29:34  Adept  
  172  29:37  Stalker  
  172  29:46  Stalker  
  172  29:50  Stalker  
  176  29:54  Stalker  
  176  29:57  Stalker  
  180  30:03  Warp Prism  
  180  30:05  Zealot  
  174  30:08  Zealot  
  174  30:11  Zealot  
  178  30:15  Zealot  
  180  30:46  Nexus  
  180  31:33  Observer  
  179  31:41  Observer  
  179  31:45  Warp Prism  
  172  31:48  Zealot  
  174  32:16  Pylon  
  172  32:23  Assimilator  
  172  32:25  Zealot  
  172  32:33  Zealot  
  172  32:34  Assimilator  
  172  32:37  Zealot  
  172  32:41  Zealot  
  174  33:18  Sentry  
  176  33:34  Stalker  
  178  33:48  Stalker  
  178  33:51  Zealot  
  174  34:04  Stalker  
  176  34:14  Stalker  
  178  34:31  Immortal  
  182  34:59  Immortal  
  186  35:28  Immortal  
  190  35:46  Warp Prism  
  190  36:01  Zealot  
  190  36:03  Stalker  
  186  36:04  Stalker  
  188  36:19  Immortal  
  192  36:35  Immortal  
  192  36:38  Stalker x2  
  196  36:50  Immortal  
  200  37:21  Sentry  
  200  37:50  Immortal  
  197  38:05  Immortal  
  170  38:25  Zealot  
  170  38:27  Warp Prism  
  159  38:29  Probe  
  159  38:30  Probe  
  159  38:33  Probe  
  157  38:38  Zealot  
  157  38:41  Pylon, Probe  
  155  38:42  Probe  
  155  38:46  Probe  
  153  38:52  Probe  
  153  38:54  Probe  
  152  38:58  Probe  
  152  39:00  Probe  
  153  39:07  Zealot  
  149  39:10  Adept  
  149  39:12  Probe  
  149  39:16  Zealot, Probe  
  152  39:23  Probe  
  154  39:29  Probe  
  155  39:32  Probe  
  155  39:36  Probe  
  157  39:41  Probe  
  136  41:20  Zealot  
  136  41:23  Zealot  
  136  41:25  Zealot  
  138  41:28  Zealot  
  138  41:32  Zealot  
  107  42:20  Probe  
  97  42:26  Probe  
  97  42:28  Probe  
  97  42:29  Probe  
  78  42:37  Probe  
  78  42:39  Probe  
  78  42:40  Zealot  
  78  42:41  Photon Cannon, Probe  
  78  42:42  Zealot  
  78  42:43  Zealot  
  87  42:49  Probe  
  87  42:51  Probe  
  88  42:53  Probe  
  87  43:01  Probe  
  87  43:03  Probe  
  87  43:04  Nexus  
  87  43:05  Probe  
  87  43:11  Probe  
  85  43:13  Probe  
  85  43:15  Probe  
  85  43:19  Probe  
  87  43:23  Probe  
  87  43:26  Probe  
  85  43:27  Zealot, Probe  
  85  43:33  Probe  
  72  43:37  Probe  
  72  43:38  Probe  
  72  43:40  Zealot  
  75  43:45  Zealot, Probe  
  76  43:49  Probe  
  76  43:50  Probe  
  76  43:53  Zealot  
  76  43:55  Zealot  
  71  43:59  Probe  
  71  44:02  Probe x2  
  64  44:10  Probe  
  64  44:12  Probe  
  64  44:13  Probe  
  64  44:14  Probe  
  62  44:18  Probe  
  62  44:20  Probe  
  62  44:21  Probe  
  62  44:22  Probe  
  64  44:26  Probe  
  64  44:27  Unknown  
  64  44:30  Unknown, Probe  
  66  44:37  Probe  
  65  44:45  Probe  
  67  44:53  Probe  
  67  44:54  Probe  
  67  44:57  Probe  
  70  45:05  Probe  
  71  45:11  Probe  
  71  45:23  Probe  
  67  46:23  Pylon  
  67  46:39  Pylon  
  64  46:55  Probe  
  64  46:57  Probe  
  64  47:04  Pylon, Probe  
  64  47:05  Probe  
  63  47:14  Probe  
  55  47:19  Probe  
  56  47:26  Probe  
  56  47:27  Probe  
  11  48:15  Probe  
  12  48:24  Probe  
  12  48:32  Probe  
  14  48:41  Probe  
  15  48:54  Probe  
  16  49:06  Probe  
  17  49:18  Probe  
  18  49:27  Probe  
  17  49:35  Probe  
  15  49:44  Probe  
  11  49:51  Pylon  
Show
View Real Time Build Order
Export as new Build Order

Player 7 Terran 

Build Orders:  

Get SALT Encoding   

  12  0:01  SCV  
  13  0:13  SCV  
  14  0:19  Supply Depot  
  14  0:25  SCV  
  15  0:40  SCV  
  16  0:47  Barracks  
  16  0:52  SCV  
  17  1:05  SCV  
  18  1:14  Supply Depot  
  18  1:17  SCV  
  19  1:19  Refinery  
  19  1:29  SCV  
  20  1:34  Marine  
  21  1:41  SCV  
  22  1:52  Marine  
  22  1:53  SCV, Barracks  
  24  1:55  Refinery  
  24  1:59  Supply Depot  
  24  2:05  SCV  
  25  2:10  Marine  
  26  2:17  SCV  
  27  2:28  Marine  
  27  2:29  SCV  
  29  2:39  Marine  
  29  2:41  SCV  
  29  2:42  Factory  
  31  2:46  Marine  
  32  2:53  SCV  
  32  2:57  Marine, Barracks  
  34  3:03  Marine  
  35  3:06  SCV  
  36  3:15  Marine  
  36  3:18  SCV  
  38  3:22  Barracks Tech Lab  
  38  3:30  SCV  
  38  3:33  Starport  
  39  3:36  Supply Depot  
  39  3:37  Barracks Tech Lab  
  39  3:39  Factory Tech Lab  
  39  3:40  Stimpack  
  39  3:55  Combat Shield  
  39  3:58  SCV  
  39  4:00  Marine x2  
  39  4:01  Marine  
  43  4:10  SCV  
  44  4:17  Marine  
  44  4:22  SCV  
  46  4:27  Supply Depot  
  46  4:30  Supply Depot  
  46  4:34  SCV  
  47  4:48  SCV  
  47  4:49  Marine, Medivac  
  47  4:50  Marine  
  47  4:52  Marine  
  53  5:00  SCV  
  53  5:02  Supply Depot  
  54  5:07  Supply Depot  
  54  5:08  Marine, Marauder  
  54  5:12  SCV  
  58  5:19  Medivac, Engineering Bay  
  60  5:23  Command Center  
  60  5:25  SCV  
  61  5:30  Marauder  
  61  5:31  Marauder  
  65  5:36  Barracks  
  65  5:37  SCV  
  65  5:41  Engineering Bay  
  66  5:45  Marine  
  66  5:49  SCV  
  68  5:51  Marine  
  68  5:53  Marauder  
  68  5:55  Supply Depot  
  68  5:56  Starport Reactor  
  71  6:01  SCV  
  71  6:03  Marine  
  73  6:09  Marauder  
  75  6:13  SCV  
  75  6:14  Marauder  
  75  6:16  Terran Infantry Weapons Level 1  
  75  6:17  Missile Turret  
  78  6:22  Barracks Reactor, Supply Depot  
  78  6:25  SCV  
  79  6:30  Marauder  
  79  6:32  Viking  
  83  6:36  Medivac, Marauder  
  83  6:37  SCV  
  83  6:38  Terran Infantry Armor Level 1  
  88  6:42  SCV  
  89  6:49  SCV, Concussive Shells  
  89  6:52  Marauder  
  89  6:53  Refinery  
  92  6:54  SCV  
  92  6:55  Command Center  
  93  7:03  Orbital Command  
  93  7:06  SCV  
  93  7:08  Marauder  
  96  7:14  Marauder  
  98  7:17  Missile Turret  
  98  7:18  SCV  
  99  7:25  Medivac  
  99  7:28  Missile Turret  
  99  7:29  Marauder  
  103  7:30  SCV  
  103  7:32  Refinery, Viking  
  103  7:33  SCV  
  107  7:42  SCV  
  108  7:53  SCV  
  108  7:55  SCV  
  110  8:01  Supply Depot  
  110  8:07  Viking  
  110  8:09  SCV  
  110  8:12  Viking  
  115  8:14  SCV, Missile Turret  
  115  8:15  Orbital Command  
  116  8:20  Marauder  
  116  8:21  SCV  
  116  8:23  Refinery, Marauder  
  116  8:26  SCV  
  122  8:32  Missile Turret  
  122  8:33  SCV  
  123  8:37  Viking  
  123  8:40  SCV  
  126  8:42  Marauder  
  126  8:44  Marauder  
  126  8:46  SCV  
  131  8:53  Orbital Command  
  131  9:03  Marauder  
  133  9:10  Command Center  
  133  9:35  SCV  
  133  9:38  SCV  
  129  9:42  Marauder  
  131  9:57  SCV  
  132  10:00  SCV  
  133  10:22  SCV  
  133  10:25  SCV  
  133  10:28  SCV  
  136  10:30  Marauder  
  136  10:32  SCV  
  136  10:35  Marauder  
  142  10:44  SCV  
  142  10:47  Planetary Fortress  
  142  10:48  Marine  
  141  10:51  Marine  
  141  10:54  Armory, Marauder  
  141  10:55  Marine  
  136  10:58  Marine  
  136  10:59  Hellion  
  122  11:06  Marine  
  122  11:08  Marine  
  124  11:16  Marauder  
  124  11:17  Marauder  
  128  11:21  Hellion  
  128  11:23  Marine  
  131  11:27  Marine  
  132  11:40  Marine  
  132  11:42  Siege Tank  
  132  11:43  Marine  
  137  11:54  Marine  
  137  11:58  Marauder  
  140  12:01  Unknown  
  140  12:13  Marine  
  141  12:17  Siege Tank  
  144  12:50  Hellion  
  146  13:08  Supply Depot  
  146  13:22  Armory  
  146  13:28  Unknown  
  146  13:30  Siege Tank  
  146  13:33  Marine  
  150  13:39  Marine  
  151  14:01  Marauder  
  155  14:02  Hellion  
  155  14:34  Siege Tank  
  155  14:36  Neosteel Armor  
  155  14:38  Terran Vehicle Weapons Level 1  
  154  15:07  Hellion  
  156  15:28  Hellion  
  156  15:32  Supply Depot  
  156  15:49  Infernal Pre-Igniter  
  156  15:52  Missile Turret  
  156  15:53  Terran Infantry Armor Level 2  
  156  15:54  Hellion  
  158  16:16  Hellion  
  158  16:17  Supply Depot  
  157  16:37  Hellion  
  159  16:48  Supply Depot  
  159  16:57  Liberator  
  159  16:58  Siege Tank  
  165  17:23  Supply Depot  
  165  17:24  Medivac  
  167  17:30  Siege Tank  
  170  17:47  Medivac  
  172  17:54  Medivac  
  174  18:03  Hellion  
  176  18:17  Medivac  
  178  18:22  Supply Depot  
  178  18:24  Siege Tank  
  178  18:25  Liberator  
  175  18:52  Supply Depot  
  175  18:57  Hellion  
  175  18:59  Liberator  
  180  19:17  Liberator  
  180  19:18  Hellion  
  177  19:39  Siege Tank  
  177  19:42  Liberator  
  175  20:00  Medivac  
  175  20:02  Marine  
  175  20:05  Marine  
  179  20:15  Hellion  
  177  20:36  Hellion  
  177  20:42  Medivac  
  181  20:53  Medivac  
  183  21:00  Hellion  
  182  21:07  Marauder  
  181  21:22  Hellion  
  181  21:24  Ghost Academy  
  183  21:43  Hellion  
  185  21:56  Ghost  
  187  22:05  Hellion  
  189  22:09  Factory  
  189  22:15  Ghost  
  191  22:29  Siege Tank  
  194  22:35  Command Center, Ghost  
  196  23:21  Medivac  
  196  23:23  Factory Tech Lab  
  196  23:24  Ghost  
  196  23:26  Ghost  
  194  23:54  Ghost  
  196  24:07  Planetary Fortress  
  196  24:18  Unknown  
  196  25:36  Unknown  
  186  28:43  Medivac  
  186  28:45  Marine  
  190  28:49  Marine  
  190  28:51  Marine  
  192  29:05  Marauder  
  192  29:08  Marine  
  194  29:27  Marauder, Ghost  
  198  31:10  Medivac  
  190  31:13  Marine  
  190  31:16  Marine  
  194  31:40  Marauder  
  196  31:58  Marauder  
  195  35:09  Ghost  
  196  35:20  Marauder  
  188  35:23  Marine  
  188  35:26  Marine  
  188  35:28  Medivac  
  168  35:32  Viking  
  153  35:36  Marine  
  149  35:55  Widow Mine  
  151  35:57  Cyclone  
  151  36:01  Fusion Core  
  151  36:02  Marine  
  154  36:04  Medivac  
  154  36:10  Marauder  
  158  36:11  Marine  
  158  36:13  Medivac  
  160  36:20  Marauder  
  155  36:27  Marine  
  155  36:30  Ghost  
  155  36:32  Marine  
  159  36:35  Viking  
  161  36:43  Viking  
  163  36:53  Siege Tank  
  166  36:55  Barracks Tech Lab  
  166  36:56  Widow Mine  
  168  37:09  Supply Depot  
  168  37:11  Ghost  
  170  37:17  Ghost  
  172  37:26  Viking  
  172  37:29  Viking  
  176  37:34  Thor  
  176  37:36  Missile Turret  
  188  37:44  Supply Depot  
  186  37:53  Thor  
  186  38:08  Viking  
  186  38:11  Viking  
  190  38:16  Thor  
  196  38:38  Viking  
  198  38:41  Viking  
  198  38:42  Missile Turret  
  200  39:26  Terran Ship Weapons Level 1  
  200  39:30  Terran Vehicle And Ship Armor Level 1  
  200  39:32  Missile Turret  
  200  39:35  Hi-Sec Auto Tracking  
  200  39:38  Rapid Reignition System  
  200  39:39  Personal Cloaking  
  200  39:42  Terran Infantry Armor Level 3  
  196  39:58  Ghost  
  194  40:01  Viking  
  194  40:04  Viking  
  190  40:15  Barracks  
  190  40:31  Viking  
  190  40:34  Viking  
  194  40:44  Starport  
  194  41:01  Viking  
  194  41:04  Viking  
  198  41:11  Nuke  
  198  41:20  Viking  
  196  41:53  Starport Tech Lab  
  196  42:05  Terran Infantry Weapons Level 2  
  194  42:11  Raven  
  194  42:15  Thor  
  198  42:50  Viking  
  200  42:54  Terran Ship Weapons Level 2  
  200  42:59  Terran Vehicle Weapons Level 2  
  200  43:09  Cloaking Field  
  200  43:36  Raven  
  200  43:39  Viking  
  192  43:41  Viking  
  194  44:09  Viking  
  196  44:11  Viking  
  198  44:19  Viking  
  200  44:27  Terran Infantry Weapons Level 3  
  198  45:18  Liberator  
  195  45:43  Medivac  
  195  45:46  Medivac  
  193  46:01  Viking  
  195  46:13  Viking  
  195  46:16  Viking  
  199  46:43  Raven  
  197  47:08  Viking  
  197  47:23  Viking  
  197  47:25  Terran Vehicle Weapons Level 3  
  199  47:48  Terran Vehicle And Ship Armor Level 2  
  199  48:05  Nuke  
  199  48:25  Raven  
  198  48:34  Marine  
  198  48:36  Marine  
  198  48:37  Marine, Command Center  
  198  48:39  Marine  
  187  48:41  Marine  
  187  48:43  Medivac  
  187  48:44  Marine  
  174  48:50  Medivac  
  174  48:52  Marine  
  174  48:53  Marine  
  174  48:55  Marine  
  176  48:57  Marine  
  176  49:01  Marine  
  178  49:08  Viking  
  180  49:13  Liberator  
  183  49:20  Viking  
  185  49:38  Viking  
  187  49:50  Viking  
  189  49:56  Viking  
  189  49:59  Refinery  
  191  50:01  Planetary Fortress  
  191  50:07  SCV, Liberator  
  195  50:19  SCV  
  195  50:20  Liberator  
  199  50:25  Missile Turret  
  200  50:42  SCV  
  200  50:43  Terran Ship Weapons Level 3  
  200  50:46  SCV, Missile Turret  
  200  50:47  SCV  
  200  50:49  Terran Vehicle And Ship Armor Level 3  
  200  50:59  Refinery, SCV  
  200  51:00  Raven  
  200  51:02  Hellion  
  200  51:03  Hellion  
  195  51:06  Viking  
  195  51:08  Missile Turret  
  197  51:19  Viking  
  199  51:30  SCV  
  199  51:32  Command Center  
  200  51:36  SCV  
  200  51:51  SCV  
  200  51:53  SCV  
  196  51:56  Marine  
  196  51:57  Marine  
  196  51:59  Marauder  
  200  52:50  Planetary Fortress  
  200  53:01  SCV  
  200  53:02  SCV  
  200  53:04  SCV  
  199  53:05  SCV  
  199  53:06  Refinery  
  199  53:11  Missile Turret  
  200  53:19  Missile Turret  
  200  53:25  Missile Turret  
  200  53:28  Refinery  
  198  53:49  SCV  
  198  53:50  SCV  
  198  53:51  SCV  
  198  53:52  SCV  
  198  53:54  SCV  
  198  53:55  Raven  
  192  53:57  Marine x2  
  192  53:58  Marine  
  192  53:59  Marine  
  192  54:00  Marine  
  192  54:01  Marine, SCV  
  186  54:03  SCV  
  186  54:05  SCV  
  186  54:08  SCV  
  186  54:09  Siege Tank  
  186  54:10  SCV, Siege Tank  
  186  54:13  SCV  
  186  54:15  Marine x2  
  186  54:16  SCV  
  190  54:17  Marine  
  190  54:18  SCV  
  190  54:19  Marine  
  190  54:20  Marine  
  194  54:36  SCV  
  195  54:39  SCV  
  195  54:40  Marine  
  195  54:41  Siege Tank  
  198  54:50  SCV  
  198  54:51  SCV  
  197  56:04  SCV  
  197  56:06  SCV  
  197  56:07  SCV  
  197  56:08  SCV  
  200  56:20  Factory  
  200  56:30  Raven  
  200  56:31  Medivac  
  198  56:32  Marine  
  198  56:34  Marine  
  198  56:35  Marine  
  198  56:36  Marine  
  198  56:38  Marine  
  200  56:42  Siege Tank  
  200  56:43  Siege Tank  
  200  56:44  Marine  
  191  56:50  Marine  
  191  56:52  Marine  
  191  56:53  Marine  
  186  56:54  Marine  
  186  56:56  Marine  
  172  57:04  Factory Tech Lab  
  130  57:08  Marine  
  130  57:10  Marauder  
  130  57:14  Hellion  
  130  57:15  Hellion  
  118  57:17  Marine  
  118  57:19  Marine  
  118  57:20  Viking  
  113  57:26  Marine  
  107  57:31  Marine  
  107  57:34  Marine  
  101  57:37  Command Center  
  101  57:38  Widow Mine  
  101  57:39  SCV  
  101  57:40  Marine  
  101  57:42  Widow Mine  
  98  57:45  Marine  
  98  57:49  Marine  
  94  57:51  Barracks  
  94  57:52  Marine  
  94  57:58  Marine  
  93  57:59  Cyclone  
  93  58:02  Thor, Supply Depot  
  93  58:03  Marine  
  98  58:06  Marine  
  98  58:10  Marine  
  90  58:15  Marine  
  88  58:21  Viking  
  88  58:25  Marine  
  88  58:26  Marine  
  85  58:28  Marine  
  86  58:38  Marine  
  86  58:39  Marine  
  86  58:40  Siege Tank  
  88  58:43  Ghost  
  88  58:46  Widow Mine  
  88  58:47  Marine  
  85  58:54  SCV  
  81  58:58  SCV, Orbital Command, Supply Depot  
  81  58:59  SCV  
  81  59:00  Marine  
  80  59:05  Marine  
  80  59:07  Siege Tank  
  80  59:08  Engineering Bay  
  83  59:12  Marauder  
  85  59:18  Missile Turret  
  85  59:19  Siege Tank  
  85  59:20  Marine  
  80  59:24  Barracks Reactor, Viking  
  79  59:36  Refinery  
  79  59:38  Marine  
  77  59:39  Siege Tank  
  74  59:54  Viking  
  74  59:57  Marine  
  69  60:04  Refinery  
  61  60:16  Barracks Tech Lab  
  61  60:18  Siege Tank  
  60  60:32  Refinery  
  58  60:36  Supply Depot  
  58  60:48  Factory  
  55  61:00  Armory  
  54  61:20  Barracks  
  54  61:25  Barracks  
  54  61:40  Factory Tech Lab  
  54  61:44  Refinery  
  54  61:49  Armory  
  54  61:54  Refinery  
  54  62:02  Starport  
  54  62:05  Refinery  
  54  62:06  Supply Depot  
  54  62:11  Refinery  
  54  62:14  Engineering Bay  
  54  62:18  Refinery  
  54  62:22  Barracks  
  54  62:28  Marine, Engineering Bay  
  55  62:30  Marine  
  55  62:31  Supply Depot  
  55  62:34  Factory  
  56  62:39  Starport Tech Lab  
  56  62:43  SCV  
  57  62:45  Starport  
  57  62:46  Marine  
  57  62:49  Barracks Tech Lab, Missile Turret  
  58  62:53  SCV  
  58  62:54  SCV  
  58  62:55  SCV, Siege Tank  
  58  62:57  Supply Depot, Viking  
  66  63:04  Barracks Reactor  
  66  63:07  Marine  
  66  63:10  Barracks Tech Lab  
  67  63:19  SCV x2  
  69  63:20  SCV, Factory Tech Lab  
  69  63:23  Viking  
  69  63:26  Marauder  
  69  63:27  Viking  
  74  63:29  Marine  
  75  63:53  Viking  
  77  64:22  Viking  
  77  64:29  Starport Tech Lab  
  75  64:47  Marine  
  75  64:48  Marine  
  77  65:00  Marine  
  77  65:01  Marine  
  77  65:03  Siege Tank  
  77  65:07  Viking  
  77  65:34  Viking  
  77  65:39  Viking  
  77  65:42  Marine  
  75  65:43  Marauder  
  75  65:44  Marine  
  75  65:45  Marine  
  71  66:00  Marine  
  57  66:35  Marine  
Show
View Real Time Build Order
Export as new Build Order

Player 8 Terran 

Build Orders:  

Get SALT Encoding   

  12  0:01  SCV  
  13  0:13  SCV  
  14  0:18  Supply Depot  
  14  0:25  SCV  
  15  0:40  SCV  
  16  0:47  Barracks  
  16  0:52  SCV  
  17  1:04  SCV  
  18  1:14  Supply Depot  
  18  1:16  SCV  
  19  1:18  Refinery  
  19  1:28  SCV  
  20  1:34  Marine  
  21  1:40  SCV  
  22  1:52  Marine, SCV  
  24  1:55  Barracks  
  24  1:57  Refinery  
  24  1:59  Supply Depot  
  24  2:05  SCV  
  25  2:09  Marine  
  26  2:17  SCV  
  27  2:27  Marine  
  27  2:29  SCV  
  29  2:41  SCV  
  29  2:42  Marine  
  31  2:45  Marine  
  31  2:47  Factory  
  32  2:53  SCV  
  33  3:00  Marine  
  33  3:03  Marine  
  33  3:05  Refinery, SCV  
  36  3:12  Refinery  
  36  3:17  SCV  
  36  3:18  Marine  
  38  3:21  Marine  
  38  3:25  Supply Depot  
  39  3:38  Starport  
  39  3:39  Factory Tech Lab  
  39  3:46  Marine, SCV  
  41  3:48  Marine  
  42  3:58  SCV, Barracks  
  43  4:05  Supply Depot  
  43  4:06  Marine  
  44  4:11  SCV  
  45  4:18  Starport Tech Lab  
  45  4:23  SCV  
  46  4:27  Siege Tank  
  46  4:28  Marine, Supply Depot  
  46  4:29  Marine  
  51  4:35  SCV  
  52  4:47  SCV  
  52  4:48  Supply Depot  
  53  4:59  SCV, Siege Tank, Supply Depot  
  57  5:04  Barracks Tech Lab  
  57  5:11  Barracks Reactor, SCV  
  58  5:19  Command Center  
  58  5:23  SCV  
  58  5:27  Barracks Tech Lab  
  61  5:28  Marauder  
  62  5:35  SCV  
  62  5:37  Siege Tank  
  62  5:39  Engineering Bay  
  65  5:46  Stimpack  
  65  5:47  SCV, Combat Shield  
  65  5:49  Barracks  
  68  5:50  Marauder  
  68  5:52  Marauder  
  70  5:59  SCV  
  70  6:01  Supply Depot  
  71  6:06  Marine  
  71  6:09  Siege Tank  
  77  6:11  Marauder  
  77  6:12  SCV  
  78  6:24  SCV, Marauder  
  81  6:28  Supply Depot  
  81  6:32  Marauder  
  83  6:34  Terran Infantry Weapons Level 1  
  83  6:36  SCV  
  83  6:38  SCV  
  85  6:41  Engineering Bay  
  85  6:45  Marauder  
  87  6:48  SCV  
  87  6:50  SCV  
  87  6:51  Missile Turret  
  87  6:54  Marauder  
  91  7:02  SCV, Orbital Command, Missile Turret  
  91  7:06  Concussive Shells, Marauder  
  94  7:13  Terran Infantry Armor Level 1  
  94  7:14  SCV  
  94  7:15  Marauder  
  97  7:21  Supply Depot  
  97  7:26  SCV, Medivac  
  97  7:28  SCV  
  101  7:30  Missile Turret  
  101  7:38  Marauder  
  101  7:39  SCV  
  101  7:41  Marauder  
  101  7:42  SCV  
  107  7:51  SCV  
  108  7:53  Supply Depot  
  108  7:54  SCV  
  108  7:56  Medivac, Siege Tank  
  114  8:02  Missile Turret  
  114  8:03  SCV  
  115  8:15  Barracks  
  115  8:16  SCV  
  115  8:19  Supply Depot  
  116  8:20  SCV  
  117  8:27  Raven  
  117  8:28  SCV, Siege Tank  
  117  8:32  SCV  
  124  8:34  Missile Turret  
  124  8:36  Command Center  
  124  8:42  SCV  
  124  8:44  SCV  
  126  8:52  Supply Depot  
  126  8:54  SCV  
  127  9:00  Widow Mine  
  127  9:01  SCV  
  130  9:08  SCV  
  131  9:10  Liberator  
  131  9:15  SCV  
  135  9:20  Marine, SCV  
  135  9:22  Marine  
  138  9:27  SCV  
  138  9:28  Marine  
  140  9:34  Orbital Command  
  140  9:40  SCV  
  140  9:41  Supply Depot  
  139  9:49  SCV  
  139  9:51  Marine  
  141  9:55  Viking  
  141  9:56  Armory  
  141  9:59  Marine  
  125  10:02  Marine  
  125  10:03  Marine, Unknown  
  125  10:06  Marine  
  128  10:08  Unknown  
  128  10:10  Marauder  
  130  10:18  Orbital Command  
  130  10:24  Viking, Marauder  
  130  10:25  Supply Depot  
  134  10:46  Siege Tank  
  137  10:52  Marine  
  137  10:54  Viking  
  142  10:57  Marauder  
  142  11:00  Missile Turret  
  142  11:04  Marine  
  142  11:07  Marine  
  142  11:08  Supply Depot  
  144  11:13  Marine  
  144  11:17  Marine  
  146  11:20  Armory  
  146  11:23  Marine  
  146  11:24  Liberator  
  150  11:34  Marine, Missile Turret  
  151  11:40  Marine  
  151  11:44  Widow Mine  
  154  11:50  Missile Turret  
  154  11:53  Marauder  
  156  11:56  Supply Depot  
  156  12:07  Liberator  
  159  12:18  Missile Turret  
  159  12:21  Widow Mine  
  161  12:26  Supply Depot  
  161  12:50  Raven  
  163  13:03  Supply Depot  
  162  13:18  Missile Turret  
  162  13:19  SCV  
  160  13:33  Viking  
  160  13:34  SCV  
  162  14:03  Medivac  
  162  14:05  Widow Mine  
  166  14:27  Hellion  
  168  14:33  Liberator  
  168  14:35  Supply Depot  
  165  14:41  SCV  
  165  14:44  SCV  
  153  14:53  SCV  
  153  14:56  SCV  
  150  15:05  Marine  
  141  15:08  Widow Mine  
  141  15:11  Marine  
  144  15:18  Marine, Supply Depot  
  144  15:21  Liberator  
  148  15:22  Marine  
  148  15:26  Marine  
  148  15:33  Hellion  
  148  15:35  SCV  
  148  15:38  Marine  
  148  15:41  Marine  
  140  15:44  Marine  
  140  15:46  Marine  
  140  15:49  Marine  
  141  15:53  Marine  
  141  15:58  Hellion  
  141  16:00  Marine  
  141  16:03  Marine  
  145  16:04  Armory  
  145  16:06  Marine  
  145  16:09  Marine  
  147  16:12  Marine  
  148  16:19  Hellion  
  148  16:21  Marine  
  151  16:25  Marine  
  151  16:30  Marine  
  153  16:35  Marine  
  153  16:39  Marine  
  155  16:45  Liberator  
  158  16:57  SCV  
  159  17:03  SCV  
  160  17:27  Liberator  
  163  17:37  Missile Turret  
  163  18:10  Medivac  
  165  18:37  Marauder  
  165  18:40  Marauder  
  169  18:54  Liberator  
  167  19:14  Marauder  
  167  19:17  Marauder  
  171  19:20  Missile Turret  
  161  19:35  Marauder  
  161  19:37  Raven  
  165  20:20  Medivac  
  167  20:40  Hellion  
  169  20:50  Raven  
  149  21:33  Marauder  
  149  21:37  Marauder  
  143  21:44  Hellion  
  138  21:54  Marauder  
  138  21:58  Marauder  
  126  22:05  Hellion  
  126  22:09  SCV  
  126  22:10  Viking  
  126  22:13  SCV  
  126  22:18  Marauder  
  126  22:21  SCV  
  127  22:26  SCV  
  127  22:28  Hellion  
  124  22:33  SCV  
  118  22:38  SCV  
  113  22:45  SCV  
  113  22:50  SCV  
  115  22:52  Marauder  
  115  22:54  Hellion  
  116  22:59  SCV  
  116  23:02  SCV  
  96  23:06  Marine  
  96  23:08  Marine  
  96  23:10  Marine  
  96  23:11  Marine  
  86  23:13  Marine  
  86  23:15  SCV  
  86  23:17  SCV  
  86  23:19  Marine  
  85  23:24  Marine  
  85  23:26  Marine  
  85  23:27  Marine, SCV  
  85  23:29  SCV  
  85  23:30  Marine  
  85  23:32  Marine  
  90  23:37  Marine  
  91  23:42  Marine, Viking  
  91  23:44  Marine, SCV  
  91  23:46  Marine  
  97  23:49  SCV  
  97  23:50  Marine  
  97  23:52  Marine  
  100  23:57  Marine  
  100  24:00  Marine  
  100  24:01  SCV  
  103  24:05  SCV  
  99  24:13  SCV  
  100  24:17  SCV  
  99  24:25  SCV  
  99  24:29  SCV  
  98  24:35  Marine  
  98  24:37  Marine, SCV  
  91  24:39  Marine  
  91  24:41  SCV  
  90  24:45  Marine  
  90  24:50  Marine, SCV  
  90  24:52  Marine  
  92  24:53  Marine  
  92  24:55  Marine  
  92  24:57  Marine  
  84  25:00  SCV  
  84  25:02  SCV  
  84  25:03  Marine  
  85  25:11  Marine  
  85  25:12  SCV  
  85  25:13  Marine  
  86  25:14  SCV  
  86  25:16  Marine  
  87  25:23  Marine  
  87  25:24  SCV  
  87  25:26  Marine  
  88  25:30  SCV  
  88  25:33  Marine  
  87  25:36  SCV  
  87  25:38  Marine  
  87  25:40  Marine  
  85  25:43  Marine  
  85  25:45  SCV  
  85  25:48  Marine, SCV  
  87  25:50  Marine  
  87  25:55  Marine  
  88  25:57  SCV  
  88  26:01  SCV  
  86  26:09  Marine, SCV  
  86  26:10  Marine  
  77  26:13  SCV  
  76  26:21  SCV  
  71  26:25  SCV  
  68  26:34  SCV  
  68  26:38  SCV  
  66  26:46  SCV  
  53  26:50  SCV  
  43  26:58  SCV  
  28  27:02  SCV  
  21  27:10  SCV  
  21  27:14  SCV  
  8  27:22  SCV  
  8  27:26  SCV  
  8  27:34  SCV  
  6  27:38  SCV  
  6  27:46  SCV  
  6  27:50  SCV  
  5  27:58  SCV  
  5  28:02  SCV  
  6  28:10  SCV  
Show
View Real Time Build Order
Export as new Build Order

Player 9 Terran - Winner!

Build Orders:  

Get SALT Encoding   

  12  0:01  SCV  
  13  0:13  SCV  
  14  0:19  Supply Depot  
  14  0:25  SCV  
  15  0:40  SCV  
  16  0:47  Barracks  
  16  0:52  SCV  
  17  1:04  SCV  
  18  1:15  Supply Depot  
  18  1:16  SCV  
  19  1:20  Refinery  
  19  1:29  SCV  
  20  1:34  Marine  
  21  1:41  SCV  
  22  1:52  Marine, Barracks  
  22  1:53  SCV  
  24  1:55  Refinery  
  24  1:59  Supply Depot  
  24  2:05  SCV  
  25  2:10  Marine  
  26  2:17  SCV  
  27  2:28  Marine  
  27  2:29  SCV  
  29  2:39  Marine  
  29  2:41  SCV  
  29  2:44  Barracks  
  31  2:46  Marine  
  32  2:53  SCV  
  32  2:57  Marine  
  34  3:01  Factory  
  34  3:03  Marine  
  35  3:05  SCV  
  36  3:15  Marine  
  36  3:17  SCV  
  38  3:21  Marine  
  39  3:27  Supply Depot  
  39  3:48  Marine  
  39  3:49  SCV  
  39  3:50  Marine  
  39  3:51  Marine, Starport  
  39  3:52  Factory Tech Lab  
  43  4:00  Supply Depot  
  43  4:01  SCV  
  44  4:13  SCV  
  45  4:22  Supply Depot, Siege Tank  
  48  4:24  Marine  
  48  4:25  Marine, SCV  
  48  4:28  Starport Tech Lab  
  51  4:37  SCV  
  52  4:43  Supply Depot  
  52  4:49  SCV  
  52  4:52  Banshee  
  56  4:55  Supply Depot, Siege Tank  
  59  5:01  SCV  
  60  5:08  Barracks Tech Lab  
  60  5:13  SCV  
  61  5:17  Marine  
  62  5:24  Engineering Bay  
  62  5:25  SCV  
  62  5:27  Command Center  
  63  5:30  Barracks Tech Lab  
  63  5:31  Marauder  
  65  5:37  SCV  
  65  5:38  Engineering Bay  
  66  5:49  Marine  
  68  5:50  Marine, SCV  
  68  5:52  Marauder  
  68  5:53  Barracks  
  71  5:57  Supply Depot  
  71  6:02  SCV  
  72  6:06  Medivac  
  72  6:07  Marine  
  72  6:09  Cloaking Field, Marauder  
  77  6:12  Stimpack  
  77  6:14  Marauder  
  79  6:19  SCV  
  79  6:24  Supply Depot  
  79  6:25  Hellion  
  82  6:30  Marauder  
  82  6:31  SCV  
  85  6:35  Marauder  
  87  6:40  SCV  
  87  6:41  Barracks Reactor  
  87  6:43  SCV  
  89  6:49  Refinery  
  89  6:50  Hellion  
  89  6:51  Marauder  
  89  6:53  Medivac  
  92  6:56  SCV, Marauder  
  92  6:57  Refinery, Orbital Command  
  95  7:07  Missile Turret  
  95  7:08  SCV  
  96  7:10  Command Center  
  96  7:11  Hellion  
  96  7:13  Marauder  
  100  7:16  Supply Depot  
  100  7:17  Combat Shield  
  100  7:18  Marauder  
  100  7:20  SCV  
  103  7:23  SCV  
  103  7:26  Missile Turret  
  104  7:32  SCV  
  104  7:34  Marauder  
  104  7:35  SCV  
  108  7:39  Marauder  
  108  7:41  Terran Infantry Weapons Level 1  
  110  7:44  SCV  
  110  7:45  Marine  
  110  7:47  Supply Depot  
  110  7:48  SCV  
  113  7:53  Terran Infantry Armor Level 1  
  113  7:54  Concussive Shells  
  113  7:56  SCV  
  114  8:00  SCV  
  115  8:07  Medivac  
  115  8:08  SCV  
  115  8:12  SCV  
  119  8:13  Missile Turret  
  119  8:17  Supply Depot  
  119  8:20  SCV  
  119  8:23  SCV  
  119  8:25  SCV  
  122  8:32  SCV  
  123  8:37  SCV, Medivac  
  123  8:39  Marauder  
  128  8:41  Refinery, SCV  
  128  8:44  Marauder  
  128  8:45  SCV  
  132  8:50  SCV  
  132  8:55  SCV  
  134  8:57  SCV  
  134  9:00  Marauder  
  134  9:02  SCV  
  138  9:05  Marauder  
  138  9:07  Orbital Command  
  138  9:08  Raven  
  138  9:09  SCV  
  143  9:14  SCV  
  143  9:17  Supply Depot  
  144  9:20  Refinery  
  144  9:32  Factory  
  144  9:40  Command Center  
  144  9:42  Marine  
  144  9:45  SCV  
  142  9:48  SCV  
  142  9:51  Marine  
  140  9:54  SCV  
  140  9:58  SCV  
  141  10:01  Marine  
  141  10:04  SCV  
  144  10:07  Marauder, Missile Turret  
  144  10:09  Marine  
  144  10:11  SCV  
  144  10:13  SCV  
  147  10:16  SCV  
  148  10:23  SCV  
  148  10:27  Viking  
  150  10:29  SCV  
  150  10:52  SCV  
  150  10:57  Viking  
  153  11:01  Barracks  
  153  11:02  SCV  
  153  11:03  Orbital Command  
  151  11:16  Fusion Core  
  151  11:25  Hi-Sec Auto Tracking  
  151  11:27  Viking  
  153  11:35  Starport  
  149  11:56  Raven  
  151  12:11  Viking  
  153  12:38  Marauder  
  153  12:40  Marauder  
  153  12:41  Viking  
  153  12:42  Raven  
  157  12:56  Armory  
  155  13:06  Supply Depot  
  155  13:09  Marauder  
  157  13:25  Viking  
  157  13:29  Hellion  
  159  13:43  Supply Depot  
  159  13:49  Terran Infantry Armor Level 2  
  159  13:52  Terran Infantry Weapons Level 2  
  155  15:22  Marauder  
  156  15:40  Hellion  
  158  15:43  Hellion  
  156  16:06  Hellion  
  158  16:16  Marine  
  157  16:24  Marauder  
  153  16:27  Marauder  
  151  16:33  Hellion  
  151  16:37  Hellion  
  151  16:45  Marine, Marauder  
  136  16:48  Marine  
  136  16:51  Marine  
  136  16:54  Marine  
  139  16:57  Marine  
  140  17:03  Marine  
  140  17:06  Hellion, Marauder  
  145  17:16  Marauder  
  147  17:28  Siege Tank, Marauder  
  152  17:37  Marauder  
  154  18:00  Siege Tank  
  157  18:17  Supply Depot  
  157  18:40  Siege Tank  
  160  19:02  Supply Depot  
  160  19:12  Siege Tank  
  163  19:25  Raven  
  165  19:43  Medivac  
  165  19:44  Siege Tank  
  170  19:45  Supply Depot  
  170  20:05  Missile Turret  
  170  20:08  Medivac  
  170  20:13  Medivac  
  174  20:18  Siege Tank  
  177  20:38  Raven  
  177  20:40  Missile Turret  
  179  20:43  Medivac  
  181  21:05  Supply Depot  
  181  21:10  Siege Tank  
  182  21:21  Missile Turret  
  182  21:30  Hellion  
  184  21:50  Hellion  
  184  21:51  Orbital Command  
  166  22:02  Supply Depot  
  166  22:24  Hellion  
  168  22:57  Marauder  
  153  23:19  Hellion  
  147  24:43  Marine  
  147  24:44  Marine  
  149  24:47  Marine  
  149  24:49  Hellion  
  153  27:39  Marine  
  153  33:42  Marine  
  153  33:45  Marine  
  155  38:11  Marine  
  156  38:14  Marine  
  157  38:30  Marine  
  157  38:33  Marine  
  144  53:57  Marine  
  144  54:01  Marine  
  140  54:04  Hellion  
  140  54:06  Hellion  
  140  54:07  Marine  
  140  54:08  Marine  
  140  54:09  Marine  
  138  54:10  Marine  
  138  54:15  Marine  
  138  54:19  Marine  
  139  54:25  Marine, Hellion  
  139  54:26  Marine  
  139  54:27  Marine  
  144  60:40  Viking  
  144  60:41  Viking  
  150  60:42  Marauder  
  150  60:43  Marauder  
  154  61:04  Marauder  
  154  61:05  Marauder  
  154  61:11  Viking  
  158  61:12  Starport Reactor  
  158  61:37  Terran Vehicle Weapons Level 1  
  158  61:41  Battlecruiser  
  164  62:11  Viking  
  164  62:12  Viking  
  168  62:41  Viking  
Show
View Real Time Build Order
Export as new Build Order

Player 10 Protoss 

Build Orders: 1 Gate Expand 

Get SALT Encoding   

  12  0:01  Probe  
  13  0:13  Probe  
  14  0:21  Pylon  
  14  0:25  Probe  
  15  0:35  Probe  
  16  0:43  Probe  
  17  0:53  Gateway, Probe  
  18  1:01  Probe  
  18  1:09  Probe  
  18  1:10  Assimilator  
  19  1:15  Pylon  
  20  1:26  Nexus  
  20  1:38  Probe  
  21  1:44  Cybernetics Core, Zealot  
  23  1:56  Probe  
  23  1:58  Gateway  
  24  2:04  Probe  
  24  2:08  Pylon  
  25  2:11  Zealot  
  25  2:12  Probe  
  27  2:20  Warp Gate  
  27  2:22  Probe  
  28  2:26  Assimilator  
  28  2:28  Adept  
  29  2:34  Probe  
  30  2:40  Probe  
  30  2:44  Adept  
  33  2:48  Probe  
  36  2:53  Pylon  
  36  2:57  Probe  
  36  2:58  Adept  
  39  3:00  Probe  
  40  3:05  Sentry  
  40  3:09  Probe  
  43  3:22  Stalker  
  43  3:32  Gateway  
  43  3:33  Stalker  
  47  3:38  Probe  
  49  3:41  Probe  
  49  3:48  Stalker  
  49  3:50  Probe  
  49  3:53  Probe  
  53  4:02  Probe  
  53  4:03  Stalker  
  53  4:05  Probe  
  57  4:10  Probe  
  58  4:17  Probe  
  58  4:23  Pylon  
  59  4:26  Stalker  
  61  4:32  Pylon  
  61  4:39  Gateway, Probe  
  61  4:41  Stalker  
  61  4:43  Probe  
  65  4:46  Stalker  
  65  4:47  Probe  
  65  4:50  Stalker  
  70  4:55  Probe  
  70  4:57  Probe  
  70  4:59  Pylon  
  72  5:05  Stalker  
  74  5:08  Pylon, Probe  
  74  5:09  Probe  
  74  5:10  Stalker  
  78  5:17  Pylon  
  78  5:18  Stalker  
  78  5:20  Probe  
  78  5:21  Probe  
  82  5:25  Stalker  
  84  5:32  Probe  
  84  5:33  Probe  
  84  5:34  Stalker  
  88  5:36  Stalker  
  88  5:41  Probe  
  90  5:45  Stalker, Probe  
  90  5:46  Zealot  
  90  5:48  Pylon  
  90  5:49  Probe  
  96  5:53  Forge  
  97  5:57  Probe  
  97  5:58  Probe  
  97  6:00  Twilight Council  
  99  6:09  Probe  
  99  6:11  Probe  
  101  6:12  Forge  
  101  6:17  Assimilator, Probe  
  103  6:25  Probe x2  
  103  6:31  Pylon  
  104  6:36  Assimilator  
  104  6:37  Probe  
  104  6:39  Probe  
  105  6:40  Dark Shrine  
  106  6:47  Probe  
  106  6:49  Pylon, Probe  
  108  6:55  Probe  
  108  6:57  Photon Cannon  
  108  7:00  Sentry  
  111  7:02  Probe  
  111  7:05  Probe  
  113  7:13  Probe  
  114  7:17  Probe  
  114  7:19  Gateway  
  114  7:21  Zealot  
  117  7:23  Zealot, Probe  
  117  7:25  Robotics Facility  
  120  7:33  Zealot  
  120  7:34  Pylon  
  122  7:42  Photon Cannon  
  122  7:53  Zealot  
  122  7:54  Pylon, Zealot  
  122  7:56  Zealot  
  122  7:57  Dark Templar  
  130  8:08  Dark Templar  
  130  8:09  Forge  
  132  8:14  Zealot  
  132  8:16  Zealot  
  132  8:18  Zealot  
  138  8:22  Gateway  
  138  8:25  Observer  
  139  8:29  Archon  
  139  8:31  Zealot  
  141  8:38  Pylon  
  141  8:48  Protoss Ground Weapons Level 1  
  141  8:50  Photon Cannon  
  141  8:58  Zealot  
  141  9:00  Zealot  
  141  9:02  Protoss Ground Armor Level 1, Dark Templar  
  145  9:03  Photon Cannon  
  145  9:04  Dark Templar  
  149  9:13  Photon Cannon  
  149  10:00  Pylon  
  149  10:18  Zealot  
  151  10:22  Zealot  
  151  10:24  Zealot  
  151  10:27  Zealot  
  157  10:33  Zealot  
  155  10:35  Stalker  
  155  10:40  Stalker  
  150  10:42  Immortal  
  150  10:43  Stalker  
  150  10:47  Stalker  
  147  10:54  Probe  
  152  11:03  Stalker  
  154  11:09  Archon  
  154  11:17  Dark Templar  
  156  11:24  Probe  
  157  14:02  Dark Templar  
  158  14:06  Protoss Ground Weapons Level 2  
  158  14:23  Protoss Ground Armor Level 2  
  158  14:24  Protoss Shields Level 1  
  158  16:26  Protoss Shields Level 2  
  158  16:31  Protoss Ground Weapons Level 3  
  158  16:54  Protoss Ground Armor Level 3  
  158  18:42  Protoss Shields Level 3  
  158  19:19  Charge  
  158  20:04  Archon  
  158  23:23  Dark Templar  
  158  38:17  Immortal  
  139  38:57  Observer, Stalker  
  127  39:07  Stalker  
  118  39:15  Zealot  
  107  39:18  Immortal  
  97  39:24  Zealot  
  97  39:26  Probe  
  97  39:30  Probe  
  90  39:38  Probe  
  80  39:42  Probe  
  67  39:50  Probe  
  54  39:53  Zealot  
  54  39:55  Zealot, Probe  
  54  39:58  Photon Cannon, Zealot  
  48  40:02  Zealot, Probe  
  48  40:07  Probe  
  43  40:08  Zealot  
  43  40:12  Zealot  
  43  40:13  Zealot  
  43  40:14  Probe  
  43  40:18  Zealot  
  43  40:20  Probe  
  35  40:23  Zealot  
  35  40:26  Probe  
  32  40:32  Adept, Probe  
  32  40:33  Stalker  
  31  40:36  Stalker  
  31  40:38  Probe  
  34  40:45  Stalker  
  32  40:54  Immortal  
  32  40:56  Probe  
  23  41:00  Stalker  
  14  41:08  Probe  
  6  41:20  Probe  
  6  41:23  Zealot  
  6  41:24  Zealot  
  6  41:25  Zealot  
  11  41:42  Warp Prism  
  7  41:56  Zealot  
  7  41:58  Zealot  
  7  41:59  Zealot  
  13  42:18  Immortal  
  13  42:22  Zealot  
  19  42:23  Zealot  
  19  42:24  Zealot  
  23  42:48  Zealot  
  21  42:51  Zealot  
  21  42:56  Zealot  
  13  43:08  Stalker  
  11  43:12  Zealot  
  13  43:25  Zealot  
  3  43:40  Zealot  
  3  43:45  Sentry  
  1  43:58  Zealot  
  1  44:02  Zealot  
  1  44:14  Zealot  
Show
View Real Time Build Order
Export as new Build Order

Player 11 Zerg 

Build Orders: Pool First 

Get SALT Encoding   

  12  0:01  Drone  
  13  0:12  Overlord  
  13  0:16  Drone  
  14  0:30  Drone x2  
  14  0:33  Drone  
  17  0:47  Spawning Pool  
  17  0:48  Drone  
  17  1:10  Hatchery, Drone  
  17  1:15  Extractor  
  17  1:17  Drone  
  17  1:18  Extractor  
  16  1:20  Drone  
  17  1:27  Drone  
  18  1:38  Drone  
  19  1:45  Queen  
  21  1:48  Overlord  
  21  1:59  Zergling x2  
  22  2:10  Drone  
  23  2:21  Queen, Drone x2  
  27  2:26  Roach Warren  
  26  2:31  Drone  
  26  2:32  Drone  
  28  2:42  Drone  
  28  2:43  Zergling x2  
  30  2:51  Overlord  
  30  2:52  Drone  
  30  2:53  Zergling x2, Drone  
  30  2:54  Drone  
  34  3:08  Roach  
  34  3:10  Roach  
  38  3:16  Roach x2  
  38  3:17  Lair  
  42  3:24  Zergling x4  
  42  3:25  Overlord  
  42  3:26  Overlord  
  44  3:43  Zergling x2  
  44  3:44  Drone  
  44  3:45  Drone  
  44  3:46  Drone  
  44  3:47  Drone  
  49  3:48  Drone  
  49  3:53  Overlord  
  50  3:56  Roach  
  50  3:57  Roach  
  50  3:58  Roach  
  50  3:59  Roach  
  58  4:03  Overlord  
  58  4:09  Drone  
  59  4:11  Drone  
  59  4:15  Roach  
  62  4:17  Hydralisk Den  
  62  4:18  Roach  
  62  4:19  Drone  
  62  4:22  Overlord  
  64  4:46  Hydralisk  
  64  4:47  Hydralisk  
  64  4:48  Hydralisk  
  64  4:49  Hydralisk  
  64  4:50  Hydralisk  
  74  4:54  Overlord  
  74  4:59  Hydralisk  
  76  5:08  Drone  
  76  5:10  Extractor, Drone  
  76  5:11  Drone  
  76  5:13  Drone  
  79  5:15  Drone  
  79  5:16  Drone  
  79  5:19  Extractor, Drone  
  79  5:20  Overlord  
  81  5:22  Drone  
  81  5:25  Drone  
  83  5:30  Drone  
  83  5:33  Drone  
  85  5:37  Drone  
  85  5:39  Drone  
  85  5:40  Infestation Pit  
  85  5:41  Overlord  
  86  5:43  Drone  
  86  5:46  Drone  
  86  5:49  Drone  
  89  5:50  Drone  
  89  5:54  Drone  
  89  5:55  Ravager  
  89  5:57  Drone  
  93  6:03  Overlord  
  93  6:05  Drone  
  93  6:06  Hydralisk  
  93  6:08  Drone  
  93  6:10  Drone  
  98  6:11  Hydralisk  
  98  6:13  Drone  
  98  6:16  Drone  
  102  6:18  Drone  
  102  6:20  Drone  
  102  6:22  Ravager, Evolution Chamber  
  104  6:27  Overlord  
  104  6:30  Drone  
  105  6:32  Spine Crawler  
  105  6:34  Drone  
  105  6:36  Roach  
  105  6:38  Drone  
  108  6:40  Drone  
  108  6:42  Infestor  
  108  6:44  Drone, Evolution Chamber  
  108  6:45  Drone  
  108  6:46  Drone  
  113  6:47  Metabolic Boost  
  113  6:49  Zerg Melee Weapons Level 1  
  113  6:51  Overlord  
  113  6:53  Drone  
  114  7:00  Spine Crawler  
  113  7:02  Drone  
  113  7:04  Drone  
  113  7:06  Drone  
  113  7:08  Infestor  
  118  7:09  Evolution Chamber  
  118  7:10  Drone  
  118  7:12  Drone  
  118  7:14  Overlord  
  119  7:16  Overseer  
  119  7:18  Drone  
  119  7:19  Zerg Ground Armor Level 1  
  119  7:21  Drone  
  121  7:23  Drone  
  121  7:26  Drone  
  121  7:27  Hatchery  
  121  7:28  Infestor  
  124  7:34  Drone  
  124  7:36  Overlord  
  125  7:39  Drone  
  125  7:41  Drone  
  125  7:43  Roach  
  129  7:45  Drone  
  129  7:47  Infestor  
  129  7:50  Roach  
  134  7:52  Drone  
  134  7:53  Spore Crawler  
  134  7:54  Hydralisk  
  136  8:00  Drone  
  136  8:01  Overlord  
  137  8:09  Queen  
  139  8:14  Roach  
  139  8:15  Hydralisk  
  139  8:19  Drone  
  144  8:21  Drone  
  144  8:24  Overlord  
  144  8:26  Queen  
  147  8:30  Roach  
  147  8:33  Roach  
  151  8:37  Roach  
  151  8:40  Roach  
  155  8:43  Lurker Den, Roach  
  155  8:47  Roach  
  158  8:51  Roach  
  158  8:54  Overlord  
  160  8:59  Drone  
  161  9:05  Overseer  
  161  9:09  Overseer  
  161  9:13  Overseer  
  161  9:22  Overlord  
  161  9:35  Roach  
  163  9:47  Overlord  
  163  10:02  Zergling x2  
  163  10:06  Hydralisk  
  166  10:17  Zergling x2  
  167  10:22  Overlord  
  167  10:26  Zergling x2  
  168  10:31  Hydralisk  
  168  10:35  Hydralisk  
  172  10:38  Hydralisk  
  174  10:44  Zergling x2  
  174  10:47  Hydralisk  
  177  10:52  Overlord  
  177  10:56  Hydralisk  
  179  11:11  Zergling x2  
  179  11:14  Hive  
  180  11:25  Zergling x2  
  181  11:31  Baneling Nest  
  180  11:40  Drone  
  181  12:22  Spine Crawler  
  180  12:30  Spire  
  179  12:49  Infestor  
  181  12:56  Baneling  
  181  13:00  Baneling  
  181  13:05  Zergling x2  
  182  13:09  Baneling  
  182  13:14  Baneling  
  182  13:16  Zergling x2  
  183  13:24  Infestor  
  185  13:47  Mutalisk  
  187  13:56  Mutalisk  
  189  14:06  Corruptor  
  191  14:12  Corruptor  
  193  14:32  Hydralisk  
  195  14:49  Hydralisk  
  197  15:31  Greater Spire  
  197  15:58  Hydralisk  
  197  16:06  Corruptor  
  193  16:40  Corruptor  
  193  16:44  Hydralisk  
  197  17:07  Brood Lord  
  192  17:26  Overlord  
  185  17:51  Overlord  
  185  18:27  Corruptor  
  187  18:40  Brood Lord  
  189  18:43  Corruptor  
  184  18:55  Overlord  
  163  19:15  Zergling x2  
  164  19:19  Overlord  
  164  19:22  Zergling x2  
  165  19:41  Overlord  
  165  20:02  Overlord  
  165  20:09  Baneling  
  165  20:13  Zergling x2  
  166  20:21  Overseer  
  166  20:40  Pneumatized Carapace  
  166  20:52  Extractor  
  153  21:48  Extractor  
  151  22:58  Ultralisk Cavern  
  150  23:32  Baneling  
  150  23:35  Zergling x2  
  151  23:46  Ultralisk  
  157  24:23  Ultralisk  
  163  24:27  Baneling  
  163  24:30  Baneling  
  163  24:33  Overlord  
  163  24:36  Overseer  
  163  24:40  Zergling x2  
  163  24:43  Overseer  
  164  24:51  Roach  
  166  24:54  Roach  
  166  24:59  Overlord  
  168  25:01  Roach  
  168  25:06  Roach  
  172  25:10  Roach  
  172  25:14  Roach  
  176  25:21  Roach  
  176  25:24  Overlord  
  180  25:28  Roach  
  180  25:31  Hydralisk  
  182  25:39  Hydralisk  
  184  25:48  Hydralisk  
  186  25:57  Hydralisk  
  186  26:03  Hydralisk  
  190  26:16  Hydralisk  
  192  26:45  Ultralisk  
  198  29:01  Zergling x2  
  198  29:07  Zergling x2  
  196  29:14  Roach  
  190  29:26  Overlord  
  190  29:31  Hydralisk  
  190  29:35  Hydralisk  
  194  29:50  Ultralisk  
  200  30:13  Overseer  
  200  30:17  Overlord  
  192  30:53  Overlord  
  192  30:57  Roach  
  194  31:13  Hydralisk  
  194  31:16  Hydralisk  
  198  31:20  Hydralisk  
  200  32:06  Roach  
  198  32:09  Hydralisk  
  198  32:14  Roach  
  194  32:17  Roach  
  194  32:20  Hydralisk  
  196  32:24  Zergling x2  
  196  32:29  Hydralisk  
  199  35:26  Overseer  
  199  35:28  Overlord  
  199  36:03  Overlord  
  191  36:06  Mutalisk  
  193  36:21  Mutalisk  
  193  36:25  Corruptor  
  197  36:28  Mutalisk  
  199  36:57  Overlord  
  199  37:00  Overseer  
  191  37:23  Overlord  
  191  37:26  Mutalisk  
  189  37:37  Overseer  
  189  37:44  Zergling x2  
  189  37:46  Overlord  
  189  37:49  Corruptor  
  192  37:51  Hatchery  
  191  38:04  Overseer  
  191  38:07  Overlord  
  191  38:28  Zergling x2  
  191  38:31  Zergling x2  
  187  38:36  Overlord  
  179  38:44  Zergling x2  
  178  39:00  Spine Crawler  
  173  39:12  Zergling x2  
  173  39:15  Zergling x2  
  175  39:31  Overlord  
  173  40:24  Spine Crawler  
  172  40:35  Extractor  
  171  41:04  Extractor  
  163  41:27  Spine Crawler  
  162  41:34  Extractor  
  161  41:43  Spine Crawler  
  160  41:54  Spine Crawler  
  160  42:00  Spine Crawler  
  158  42:10  Drone, Spine Crawler  
  158  42:13  Extractor, Drone  
  158  42:16  Drone  
  158  42:20  Drone  
  160  42:25  Drone  
  161  42:42  Spore Crawler  
  160  42:46  Drone  
  161  42:51  Spore Crawler  
  161  42:56  Drone  
  161  42:57  Spore Crawler  
  161  42:58  Drone  
  161  43:03  Drone  
  161  43:05  Drone  
  163  43:07  Drone  
  164  43:21  Spine Crawler  
  164  43:24  Drone  
  164  43:29  Overlord  
  164  45:09  Overseer  
  164  45:35  Overseer  
  164  46:15  Infestor  
  166  46:33  Infestor  
  166  46:37  Roach  
  166  46:38  Overlord  
  170  46:41  Roach  
  170  46:43  Roach  
  170  46:45  Roach  
  176  46:47  Roach  
  176  46:48  Roach  
  176  46:52  Roach  
  176  46:53  Roach  
  184  46:56  Roach  
  186  47:04  Mutalisk  
  188  47:14  Mutalisk  
  190  47:25  Mutalisk  
  192  47:33  Mutalisk  
  194  47:44  Mutalisk  
  196  47:54  Mutalisk  
  198  48:03  Mutalisk  
  199  48:30  Corruptor  
  191  48:39  Corruptor  
  189  48:44  Overseer  
  189  48:47  Overlord  
  189  48:49  Overseer  
  189  48:53  Overlord  
  189  48:55  Overseer  
  187  49:11  Mutalisk  
  187  49:15  Overlord  
  189  49:18  Brood Lord  
  191  49:36  Corruptor  
  193  49:40  Brood Lord  
  193  49:41  Mutalisk  
  197  49:45  Corruptor  
  199  50:11  Mutalisk  
  199  50:13  Mutalisk  
  185  50:17  Mutalisk  
  185  50:29  Mutalisk  
  185  50:33  Overseer  
  183  50:35  Overlord  
  183  50:37  Overseer  
  183  50:56  Overlord  
  183  50:59  Overseer  
  183  51:01  Zergling x2  
  184  51:15  Zergling x2  
  184  51:18  Overlord  
  185  51:21  Mutalisk  
  185  51:23  Mutalisk  
  185  51:24  Mutalisk  
  189  51:28  Mutalisk  
  191  51:33  Baneling  
  189  51:40  Mutalisk  
  191  51:51  Mutalisk  
  193  51:59  Mutalisk  
  193  52:04  Overseer  
  193  52:05  Overlord  
  191  52:19  Corruptor  
  191  52:22  Overseer  
  192  52:24  Overlord  
  192  52:27  Overlord  
  192  52:29  Overseer  
  191  52:30  Overlord  
  185  52:49  Drone  
  185  52:50  Corruptor  
  188  52:52  Zergling x2, Mutalisk  
  188  52:55  Mutalisk  
  193  53:06  Mutalisk  
  193  53:11  Overseer  
  195  53:14  Overlord  
  179  53:23  Mutalisk  
  175  53:32  Baneling  
  175  53:33  Zergling x2  
  172  53:34  Baneling  
  172  53:51  Mutalisk  
  174  53:59  Overseer  
  174  54:01  Overlord  
  174  54:05  Hatchery  
  174  54:07  Mutalisk  
  174  54:09  Drone  
  167  54:17  Mutalisk  
  167  54:19  Drone  
  170  54:27  Mutalisk  
  170  54:29  Zergling x2  
  173  54:38  Overseer  
  166  54:40  Overlord  
  162  54:46  Corruptor  
  162  54:48  Baneling  
  162  54:50  Zergling x2  
  162  54:51  Baneling  
  165  54:56  Corruptor  
  167  55:01  Overlord  
  161  55:08  Zergling x2  
  161  55:14  Zergling x2  
  163  55:15  Zergling x2  
  163  55:17  Zergling x2  
  163  55:20  Mutalisk  
  167  55:23  Overlord  
  167  55:27  Mutalisk  
  165  55:31  Mutalisk  
  163  55:37  Queen  
  165  55:43  Mutalisk  
  165  55:49  Overseer  
  160  55:50  Overlord  
  160  55:54  Zergling x2  
  160  55:55  Hydralisk  
  151  55:58  Hydralisk  
  151  56:02  Corruptor  
  147  56:12  Baneling  
  147  56:14  Roach  
  147  56:15  Zergling x2  
  147  56:18  Zergling x2  
  139  56:20  Hydralisk  
  139  56:22  Zergling x2  
  139  56:24  Hydralisk  
  134  56:26  Zergling x2  
  134  56:28  Hydralisk  
  134  56:30  Zergling x2  
  134  56:32  Zergling x2  
  127  56:35  Roach  
  127  56:37  Roach  
  127  56:38  Zergling x2  
  121  56:40  Zergling x2  
  121  56:41  Roach  
  121  56:44  Baneling  
  121  56:46  Roach  
  122  56:47  Zergling x2  
  122  56:49  Roach  
  122  56:52  Roach  
  122  56:54  Roach  
  121  56:55  Roach  
  121  56:57  Roach  
  121  56:58  Roach  
  121  56:59  Hydralisk  
  125  57:01  Roach  
  133  57:08  Ultralisk  
  133  57:10  Baneling  
  133  57:12  Baneling  
  133  57:15  Zergling x2  
  133  57:24  Hydralisk  
  133  57:28  Zergling x2  
  132  57:30  Zergling x2  
  132  57:31  Zergling x2  
  132  57:33  Zergling x2  
  132  57:34  Roach  
  132  57:36  Roach  
  131  57:38  Roach  
  131  57:39  Roach  
  131  57:40  Roach  
  131  57:41  Roach  
  131  57:43  Roach  
  131  57:44  Zergling x2  
  135  57:45  Roach  
  135  57:46  Zergling x2  
  135  57:47  Baneling  
  135  57:48  Zergling x2  
  135  57:50  Roach  
  141  57:51  Roach  
  141  57:53  Roach x2  
  141  57:54  Hydralisk  
  141  57:56  Baneling  
  141  57:57  Hydralisk  
  142  57:58  Zergling x2  
  142  58:00  Baneling  
  142  58:03  Baneling  
  142  58:05  Zergling x2  
  144  58:06  Baneling  
  144  58:08  Baneling  
  144  58:10  Baneling  
  144  58:11  Zergling x2  
  145  58:13  Baneling  
  145  58:15  Zergling x2  
  146  58:24  Baneling  
  146  58:26  Baneling  
  146  58:27  Baneling  
  146  58:29  Zergling x2  
  146  58:31  Zergling x2  
  146  58:33  Zergling x2  
  145  58:34  Baneling  
  145  58:36  Zergling x2  
  145  58:37  Hydralisk  
  144  58:41  Zergling x2  
  144  58:46  Hydralisk  
  144  58:48  Roach  
  146  58:50  Baneling  
  146  58:52  Baneling  
  146  58:53  Hydralisk  
  146  58:55  Zergling x2  
  147  59:02  Zergling x2  
  147  59:09  Roach  
  147  59:14  Zergling x2  
  147  59:15  Hydralisk  
  142  59:17  Zergling x2  
  142  59:20  Zergling x2  
  142  59:22  Zergling x2  
  142  59:23  Baneling  
  138  59:25  Zergling x2  
  138  59:28  Baneling  
  138  59:29  Zergling x2  
  138  59:30  Hydralisk  
  133  59:32  Zergling x2  
  133  59:35  Zergling x2  
  133  59:36  Zergling x2  
  125  59:44  Zergling x2  
  119  59:47  Zergling x2  
  119  59:48  Queen  
  114  59:53  Zergling x2  
  114  59:59  Hydralisk  
  114  60:01  Baneling  
  114  60:03  Zergling x2  
  114  60:04  Baneling  
  117  60:10  Hydralisk  
  119  60:31  Hydralisk  
  119  60:33  Zergling x2  
  119  60:43  Baneling  
  119  60:45  Zergling x2  
  119  60:47  Zergling x2  
  113  60:51  Zergling x2  
  113  60:52  Zergling x2  
  113  60:53  Zergling x2  
  113  60:56  Zergling x2  
  107  60:57  Zergling x2  
  107  60:59  Zergling x2  
  103  61:05  Hydralisk  
  104  61:20  Zergling x2  
  104  61:24  Zergling x2  
  104  61:25  Hatchery  
  101  62:00  Zergling x2  
  98  62:01  Zergling x2  
  98  62:03  Zergling x2  
  84  62:15  Roach  
  77  62:57  Overlord  
  77  63:05  Overlord  
  73  63:09  Overlord  
  73  63:29  Overlord  
  57  63:36  Extractor  
  57  63:40  Extractor  
  37  63:48  Extractor  
  37  63:54  Extractor  
  33  63:59  Drone  
  33  64:00  Drone  
  33  64:01  Drone x2  
  25  64:02  Drone  
  25  64:03  Drone  
  25  64:04  Drone  
  25  64:05  Drone  
  25  64:06  Drone  
  25  64:07  Drone x2  
  25  64:08  Drone  
  28  64:10  Drone  
  28  64:13  Drone  
  28  64:14  Drone  
  28  64:17  Drone, Evolution Chamber  
  33  64:19  Spawning Pool  
  33  64:23  Extractor  
  25  64:25  Drone  
  25  64:26  Drone  
  25  64:27  Drone  
  25  64:28  Drone  
  25  64:29  Drone  
  25  64:35  Drone  
  26  64:39  Drone  
  27  64:45  Drone  
  27  64:50  Drone  
  28  64:55  Drone  
  28  64:56  Drone  
  28  64:57  Drone  
  28  64:58  Drone  
  29  65:02  Drone  
  21  65:08  Lair, Drone, Spine Crawler  
  21  65:13  Zergling x2  
  22  65:14  Roach Warren  
  19  65:23  Zergling x2  
  19  65:25  Zergling x2, Drone  
  19  65:26  Zergling x2  
  19  65:35  Drone  
  18  65:46  Drone  
  19  65:54  Zergling x2, Drone  
  19  65:55  Zergling x2  
  20  65:58  Drone  
  20  66:03  Spine Crawler  
  20  66:05  Queen  
  20  66:09  Drone  
  23  66:20  Overlord  
  23  66:22  Overlord  
  23  66:23  Overlord  
Show
View Real Time Build Order
Export as new Build Order

Player 12 Zerg 

Build Orders: Pool First 

Get SALT Encoding   

  12  0:01  Drone  
  13  0:12  Overlord  
  13  0:16  Drone  
  14  0:30  Drone x2  
  14  0:33  Drone  
  17  0:47  Spawning Pool  
  17  0:48  Drone  
  17  1:07  Hatchery  
  17  1:10  Drone  
  17  1:15  Extractor, Drone  
  17  1:19  Drone  
  18  1:27  Drone  
  19  1:38  Overlord  
  19  1:40  Queen  
  21  1:49  Zergling x2  
  22  1:59  Drone  
  23  2:10  Drone  
  23  2:14  Roach Warren  
  23  2:16  Queen  
  23  2:19  Drone  
  23  2:20  Drone  
  28  2:30  Drone  
  28  2:31  Zergling x2  
  29  2:40  Zergling x2  
  29  2:42  Overlord  
  30  2:47  Drone  
  30  2:48  Drone x2  
  33  2:52  Drone  
  33  2:55  Roach  
  36  3:02  Roach  
  36  3:05  Roach  
  42  3:13  Roach  
  42  3:16  Overlord  
  42  3:19  Drone  
  43  3:20  Overlord x2  
  43  3:23  Drone  
  44  3:35  Roach x2  
  48  3:41  Roach  
  48  3:45  Drone  
  48  3:48  Drone  
  52  3:49  Drone  
  52  3:50  Drone  
  52  3:51  Roach  
  52  3:54  Extractor, Drone  
  56  3:57  Overlord  
  56  4:00  Overlord  
  56  4:03  Drone  
  56  4:04  Drone  
  56  4:08  Roach  
  60  4:11  Drone  
  62  4:17  Drone  
  62  4:18  Roach  
  62  4:23  Roach  
  66  4:24  Overlord  
  66  4:26  Drone  
  66  4:27  Roach  
  66  4:28  Drone  
  66  4:30  Drone  
  71  4:32  Drone  
  71  4:35  Roach  
  74  4:43  Roach  
  74  4:44  Overlord  
  76  4:46  Roach  
  76  4:47  Roach  
  76  4:49  Overlord  
  80  4:53  Drone  
  80  4:57  Drone x2  
  80  4:58  Zergling x2  
  84  5:04  Zergling x2  
  84  5:05  Zergling x2  
  84  5:06  Lair  
  86  5:08  Overlord  
  86  5:14  Roach  
  86  5:15  Overlord  
  86  5:17  Overlord  
  86  5:18  Roach  
  86  5:20  Roach  
  92  5:27  Drone  
  93  5:31  Extractor, Drone  
  93  5:35  Drone  
  93  5:37  Drone  
  93  5:40  Drone  
  96  5:45  Drone  
  96  5:47  Drone  
  96  5:48  Drone  
  96  5:49  Extractor  
  98  5:51  Drone  
  98  5:56  Drone  
  100  6:01  Drone, Evolution Chamber  
  100  6:04  Drone  
  100  6:05  Hatchery  
  100  6:06  Drone  
  100  6:09  Drone  
  100  6:11  Drone  
  103  6:13  Drone  
  103  6:15  Drone  
  105  6:19  Drone  
  105  6:21  Drone  
  107  6:26  Drone  
  107  6:28  Drone  
  107  6:31  Drone  
  111  6:32  Ravager  
  111  6:35  Drone  
  111  6:37  Ravager  
  111  6:38  Overlord  
  113  6:40  Drone  
  113  6:42  Drone  
  113  6:44  Drone  
  116  6:47  Drone, Spine Crawler  
  116  6:49  Drone  
  116  6:52  Drone  
  118  6:56  Drone  
  118  6:58  Drone  
  118  6:59  Spine Crawler  
  119  7:03  Metabolic Boost  
  119  7:09  Drone  
  119  7:10  Overlord  
  119  7:12  Queen  
  119  7:14  Drone  
  123  7:15  Overseer  
  123  7:17  Zergling x2  
  123  7:19  Queen  
  123  7:21  Drone  
  127  7:26  Drone  
  127  7:28  Zergling x2  
  129  7:30  Drone  
  129  7:33  Zergling x2  
  129  7:35  Overlord  
  131  7:37  Drone  
  131  7:39  Zergling x2  
  131  7:41  Ravager  
  131  7:44  Zergling x2  
  135  7:46  Ravager  
  135  7:47  Zergling x2  
  137  8:09  Infestation Pit  
  136  8:15  Drone  
  137  8:31  Overlord  
  136  8:35  Zergling x2  
  137  8:48  Hive  
  135  8:52  Drone  
  136  9:00  Drone  
  133  9:04  Zergling x2  
  133  9:08  Zergling x2  
  131  9:11  Queen  
  131  9:15  Zergling x2  
  132  9:18  Drone  
  132  9:21  Zergling x2  
  132  9:24  Drone  
  132  9:25  Spire  
  132  9:29  Zergling x2  
  130  9:32  Drone  
  130  9:36  Roach  
  133  9:39  Drone  
  133  9:44  Zergling x2  
  135  9:47  Drone  
  135  9:51  Drone  
  137  9:58  Overseer  
  137  10:03  Overlord  
  137  10:08  Viper  
  140  10:16  Infestor  
  142  10:21  Viper  
  142  10:27  Overlord  
  145  10:37  Infestor  
  147  10:53  Mutalisk  
  149  11:00  Mutalisk  
  151  11:09  Mutalisk  
  153  11:12  Mutalisk  
  153  11:16  Overlord  
  155  11:19  Mutalisk  
  155  11:22  Mutalisk  
  159  11:26  Mutalisk  
  159  11:29  Mutalisk  
  163  11:33  Overseer  
  163  11:38  Overlord  
  163  11:42  Overseer  
  163  12:27  Overseer  
  163  12:31  Overlord  
  160  12:39  Mutalisk  
  159  13:00  Mutalisk  
  145  13:13  Mutalisk  
  147  13:22  Mutalisk  
  149  13:39  Mutalisk  
  151  13:42  Hydralisk Den  
  150  13:56  Mutalisk  
  150  14:01  Mutalisk  
  154  14:06  Overlord  
  154  14:09  Overseer  
  154  14:16  Hydralisk  
  139  14:32  Overlord  
  139  14:36  Hydralisk  
  137  14:47  Hydralisk  
  139  14:55  Overlord  
  139  15:03  Hydralisk  
  141  15:20  Overlord  
  140  15:43  Overlord  
  140  15:58  Infestor  
  140  16:02  Overlord  
  142  17:19  Mutalisk  
  144  17:22  Overlord  
  144  17:26  Mutalisk  
  146  17:40  Mutalisk  
  148  17:55  Baneling Nest  
  144  18:57  Baneling  
  137  19:58  Hatchery  
  105  22:52  Extractor  
  104  23:29  Extractor  
  103  23:58  Evolution Chamber  
  102  24:27  Spine Crawler  
  101  24:51  Hatchery  
  100  25:24  Roach  
  100  25:28  Roach  
  104  25:31  Roach  
  104  25:35  Roach  
  108  25:38  Roach  
  110  25:46  Roach  
  112  25:57  Overseer  
  112  26:06  Ultralisk Cavern  
  112  26:07  Roach  
  112  26:11  Drone  
  114  26:15  Hydralisk  
  116  26:19  Drone  
  116  26:23  Hydralisk  
  119  26:27  Drone  
  119  26:30  Hydralisk  
  122  26:36  Drone  
  123  26:40  Hydralisk  
  123  26:45  Drone  
  126  26:48  Hydralisk  
  126  26:53  Drone  
  129  26:57  Drone  
  129  27:00  Drone  
  131  27:04  Drone  
  131  27:06  Extractor  
  131  27:07  Corruptor  
  133  27:12  Drone  
  134  27:16  Drone  
  134  27:21  Overlord  
  131  27:25  Drone  
  131  27:28  Drone  
  127  27:30  Corruptor  
  127  27:36  Extractor, Drone  
  124  27:39  Zergling x2  
  125  27:45  Drone  
  125  27:49  Drone  
  125  27:51  Extractor  
  126  27:53  Drone  
  126  27:57  Drone  
  125  28:02  Zergling x2  
  123  28:07  Drone  
  123  28:11  Zergling x2  
  125  28:18  Extractor  
  125  28:19  Drone  
  119  28:21  Greater Spire  
  119  28:22  Zergling x2  
  119  28:26  Zergling x2  
  121  28:30  Drone  
  120  28:35  Drone  
  120  28:37  Spine Crawler  
  120  28:39  Drone  
  121  28:43  Drone  
  121  28:47  Drone  
  122  28:49  Spine Crawler  
  122  28:51  Hydralisk  
  123  28:56  Drone  
  123  29:00  Hydralisk  
  126  29:05  Drone  
  128  29:10  Drone  
  128  29:13  Drone  
  128  29:18  Corruptor  
  128  29:22  Spore Crawler  
  128  29:23  Drone  
  125  29:29  Zergling x2  
  124  29:34  Roach  
  124  29:39  Drone  
  124  29:43  Zergling x2  
  126  29:46  Hydralisk  
  126  29:51  Roach  
  123  29:56  Zergling x2  
  123  29:57  Spore Crawler  
  116  30:00  Drone  
  116  30:04  Zergling x2  
  107  30:07  Hydralisk  
  107  30:09  Spore Crawler  
  107  30:12  Zergling x2  
  97  30:14  Corruptor  
  97  30:20  Drone  
  94  30:25  Roach  
  89  30:29  Zergling x2  
  89  30:33  Drone  
  91  30:38  Roach  
  91  30:41  Zergling x2  
  94  30:44  Hydralisk  
  94  30:47  Roach  
  94  30:48  Evolution Chamber  
  97  30:50  Zergling x2  
  97  30:53  Drone  
  97  30:56  Roach  
  96  30:59  Roach  
  96  31:03  Zergling x2  
  99  31:06  Drone  
  99  31:10  Roach  
  102  31:13  Zergling x2  
  102  31:17  Zergling x2  
  104  31:19  Hydralisk  
  104  31:25  Drone  
  106  31:28  Zergling x2  
  106  31:32  Drone  
  105  31:35  Zergling x2  
  105  31:38  Hydralisk  
  104  31:41  Drone  
  104  31:44  Zergling x2  
  101  31:47  Drone  
  101  31:50  Zergling x2  
  101  31:54  Drone  
  97  31:56  Zergling x2  
  97  31:59  Drone  
  95  32:04  Zergling x2  
  95  32:07  Queen  
  88  32:08  Spore Crawler  
  88  32:11  Zergling x2  
  88  32:14  Drone  
  89  32:17  Hydralisk  
  89  32:19  Hydralisk  
  89  32:21  Drone  
  77  32:38  Drone  
  77  32:40  Drone  
  67  32:46  Drone  
  67  32:49  Drone  
  46  32:55  Drone  
  46  32:58  Drone  
  40  33:01  Drone  
  40  33:04  Drone  
  41  33:06  Drone  
  41  33:08  Drone  
  41  33:11  Drone  
  43  33:14  Drone  
  43  33:16  Spawning Pool  
  43  33:17  Drone  
  41  33:20  Drone  
  41  33:23  Drone  
  40  33:32  Overlord  
  38  33:58  Drone  
  39  34:07  Overlord  
  35  34:10  Drone  
Tags
 
Add a new tag
Caveats
  • Supply blocks, unpowered buildings, or Contaminate may cause inaccurate times.
  • Supply counts are checked every 10 seconds.